 Dungeon Crawl Stone Soup version 0.32-a0-818-gb728d0252e (webtiles) character file.

Game seed: 13452591237743547280

1746396 sleeves the Sorcerer (level 27, 169/190 HPs)
             Began as a Djinni Artificer on Mar 24, 2024.
             Was the Champion of Makhleb.
             Escaped with the Orb
             ... and 3 runes on Mar 25, 2024!
             The game lasted 03:50:23 (64233 turns).

sleeves the Sorcerer (Djinni Artificer)            Turns: 64233, Time: 03:50:24

Health: 169/190    AC: 26    Str: 12      XL:     27
Gold:   7717       EV: 18    Int: 22 (24) God:    Makhleb [******] SH: 16 Dex: 19

rFire   + + .        c - +4 demon trident (flame)
rCold   . . .        a - +2 kite shield {AC+3}
rNeg    + . .        H - quicksilver dragon scales
rPois   ∞            X - +1 hat "Seghio" {rC+ rCorr}
rElec   +            l - +1 cloak
rCorr   +            r - +2 pair of gloves {Stlth+}
SInv    .            (boots unavailable)
Will    ++++.        S - amulet of regeneration
Stlth   ++           Y - ring of Fosach {rElec Will+ MP+9 Dex+2 Stlth-}
HPRegen 1.31/turn    i - ring "Ruranas" {Wiz ^Drain rN+ Str+3 Stlth+}
MPRegen 0.00/turn

%: wizardry (x1)
@: flying
A: sickness immunity, fire resistance 2, cold vulnerability 1, float, innate
caster, HP casting, extra vitality 1, weak 1
0: Orb of Zot
}: 3/15 runes: decaying, serpentine, abyssal
a: Renounce Religion, Minor Destruction, Lesser Servant of Makhleb, Major
Destruction, Greater Servant of Makhleb


You escaped.
You worshipped Makhleb.
Makhleb was exalted by your worship.
You visited 11 branches of the dungeon, and saw 50 of its levels.
You visited the Abyss 2 times.
You also visited: Gauntlet, Ice Cave and Wizlab.

You collected 10301 gold pieces.
You spent 2584 gold pieces at shops.

Inventory:

Hand Weapons
 c - a +4 demon trident of flaming (weapon)
   (You took it off Mara on level 2 of the Depths)
Armour
 a - a +2 kite shield of protection (worn)
   (You took it off a naga warrior on level 4 of the Snake Pit)
 l - a +1 cloak (worn)
   (You found it on level 3 of the Crypt)
 p - the +3 robe of Idost {rF- rN+++ Dex-2 Archmagi}
   (You took it off Boris on level 2 of the Depths)

   Dex-2:     It affects your dexterity (-2).
   rF-:       It makes you vulnerable to fire.
   rN+++:     It renders you almost immune to negative energy.
   Archmagi:  It increases the power of your magical spells.
 r - a +2 pair of gloves of stealth (worn)
   (You found it on level 2 of the Depths)
 z - a +1 tower shield of fire resistance
   (You took it off a naga warrior on level 1 of the Snake Pit)
 H - quicksilver dragon scales (worn)
   (You found it on level 1 of the Realm of Zot)
 L - a +2 robe of resistance
   (You took it off a naga on level 4 of the Snake Pit)
 X - the +1 hat "Seghio" (worn) {rC+ rCorr}
   (You found it in a Gauntlet)

   rC+:       It protects you from cold.
   rCorr:     It protects you from acid and corrosion.
Magical Staves
 g - a staff of conjuration
   (You found it on level 8 of the Dungeon)
Jewellery
 i - the ring "Ruranas" (right hand) {Wiz ^Drain rN+ Str+3 Stlth+}
   (You found it in a Gauntlet)

   [ring of wizardry]

   Wiz:       It improves your spell success rate.
   Str+3:     It affects your strength (+3).
   rN+:       It protects you from negative energy.
   ^Drain:    It drains your maximum health when unequipped.
   Stlth+:    It makes you more stealthy.
 w - the amulet "Qonud" {Acrobat rElec Dex+4}
   (You acquired it on level 4 of the Depths)

   [amulet of the acrobat]

   Acrobat:   It increases your evasion while moving and waiting.
   Dex+4:     It affects your dexterity (+4).
   rElec:     It insulates you from electricity.
 D - the ring of Maobo {rPois rF++ Will+}
   (You found it on level 3 of the Elven Halls)

   [ring of willpower]

   rF++:      It greatly protects you from fire.
   rPois:     It protects you from poison.
   Will+:     It increases your willpower.
 M - the ring "Metibbyck" {Wiz rElec Will- Dex+6}
   (You took it off a yaktaur captain on level 2 of the Vaults)

   [ring of wizardry]

   Wiz:       It improves your spell success rate.
   Dex+6:     It affects your dexterity (+6).
   rElec:     It insulates you from electricity.
   Will-:     It decreases your willpower.
 S - an amulet of regeneration (around neck)
   (You found it in a Gauntlet)
 U - a ring of see invisible
   (You found it in a Gauntlet)
 Y - the ring of Fosach (left hand) {rElec Will+ MP+9 Dex+2 Stlth-}
   (You took it off a minotaur in a Gauntlet)

   [ring of magical power]

   Dex+2:     It affects your dexterity (+2).
   rElec:     It insulates you from electricity.
   Will+:     It increases your willpower.
   MP+9:      It affects your magic capacity (+9).
   Stlth-:    It makes you less stealthy.
Wands
 d - a wand of charming (6)
 y - a wand of mindburst (44)
   (You found it on level 3 of the Lair of Beasts)
 J - a wand of quicksilver (59)
   (You took it off a naga on level 1 of the Snake Pit)
 R - a wand of digging (9)
   (You found it on level 2 of the Elven Halls)
 T - a wand of warping (61)
   (You found it in a Gauntlet)
Scrolls
 e - 7 scrolls of fear
 f - 14 scrolls of teleportation
 h - 12 scrolls of enchant armour
 m - 3 scrolls of torment
 o - a scroll of blinking
 t - 13 scrolls of enchant weapon
 B - 8 scrolls of vulnerability
 C - 8 scrolls of immolation
 F - 14 scrolls of fog
 N - 4 scrolls of silence
 O - 2 scrolls of summoning
 P - 3 scrolls of revelation
 Q - 7 scrolls of poison
Potions
 b - 8 potions of brilliance
 j - 2 potions of haste
 n - 2 potions of heal wounds
 q - 7 potions of mutation
 s - 19 potions of curing
 x - 3 potions of invisibility
 A - 3 potions of might
 E - 6 potions of resistance
 G - 3 potions of berserk rage
 V - 11 potions of lignification
 W - 3 potions of enlightenment
 Z - 4 potions of ambrosia
Miscellaneous
 u - a phial of floods
   (You found it on level 12 of the Dungeon)
 I - a tin of tremorstones (2/2)
   (You found it on level 8 of the Dungeon)
 K - a lightning rod (4/4)
   (You found it on level 8 of the Dungeon)


   Skills:
 + Level 18.8 Fighting
 - Level 14.0 Polearms
 - Level 18.0 Armour
 - Level 15.0 Dodging
 - Level 15.0 Stealth
 - Level 15.0 Shields
 - Level 25.0 Spellcasting
 - Level 25.0 Conjurations
 - Level 25.0 Hexes
 - Level 25.0 Summonings
 - Level 25.0 Necromancy
 - Level 25.0 Translocations
 - Level 25.0 Fire Magic
 - Level 25.0 Ice Magic
 - Level 25.0 Air Magic
 - Level 25.0 Earth Magic
 - Level 25.0 Alchemy
 + Level 15.6 Evocations


You knew the following spells:

 Your Spells              Type           Power      Damage    Failure   Level
a - Sandblast             Erth           100%       2d20      0%          1
b - Scorch                Fire           100%       2d9       0%          2
c - Confusing Touch       Hex            95%        N/A       0%          3
d - Passwall              Erth           95%        N/A       0%          3
e - Iskenderun's Battles  Conj           95%        2d14      0%          5
f - Summon Mana Viper     Hex/Summ       95%        N/A       0%          5
g - Summon Cactus Giant   Summ           47%        N/A       0%          6
h - Orb of Destruction    Conj           47%        9d12      1%          7
i - Bombard               Conj/Erth      47%        9d8       0%          6
j - Malign Gateway        Summ/Tloc      47%        N/A       1%          7
k - Borgnjor's Revivific  Necr           47%        N/A       1%          8
l - Summon Horrible Thin  Summ           47%        N/A       1%          8
m - Death's Door          Necr           47%        N/A       6%          9
Your spell library was empty.

Dungeon Overview and Level Annotations

Branches:
Dungeon (15/15)            Temple (1/1) D:6            Lair (5/5) D:11
  Swamp (4/4) Lair:3        Snake (4/4) Lair:3        Slime (0/5) Lair:4
    Orc (2/2) D:9             Elf (3/3) Orc:2        Vaults (4/5) D:14
  Crypt (3/3) Vaults:2       Tomb (0/3) Crypt:3      Depths (4/4) D:15
    Zot (5/5) Depths:4      IceCv (visited)          WizLab (visited)
Gauntlet (visited)

Altars:
Ashenzari
Cheibriados
Dithmenos
Elyvilon
Fedhas
Gozag
Hepliaklqana
Makhleb
Nemelex Xobeh
Okawaru
Qazlal
Ru
Trog
Uskayaw
Wu Jian
Xom
Yredelemnul
Zin
The Shining One
Jiyva
Lugonu

Shops:
D:3 =   D:6 *   D:8 (   D:10 !   D:12 *   Orc:1 !   Orc:2 =([=   Elf:2 (
Snake:2 [[   Snake:4 ?   Vaults:3 [   Vaults:4 *   Zot:2 *   Depths:3 *

Portals:
Hell: Depths:1 Depths:2 Depths:3 Depths:4
Abyss: Lair:5 Depths:1 Depths:3
Pandemonium: Depths:2
Ziggurat: Depths:1
Trove: Depths:4 (give +3 ice dragon scales)

Annotations:
D:8 exclusion: downstairs
Lair:1 3 runed translucent doors, Nyexeo's ghost, journeyman VSEn; Otedoll's ghost, journeyman DECj; smashvw's ghost, journeyman MiFi
Lair:3 1 runed translucent door, Shen's ghost, journeyman TrFi
Zot:2 exclusion: 2 doom hounds, Grunn
Zot:4 exclusions: downstairs and 2 orbs of fire


Innate Abilities, Weirdness & Mutations

You are immune to sickness and miasma.
You are immune to poison.
Your flesh is very heat resistant. (rF++)
You are vulnerable to cold. (rC-)
You float through the air rather than walking.
You learn spells naturally, not from books.
Your magical power is your life essence.
You have superior vitality. (+4 MHP)
You are weak. (Str -2)


Message History

Your large abomination is destroyed!
Your large abomination disappears in a puff of smoke!
The fireball engulfs your tentacled monstrosity!!!
Your tentacled monstrosity resists.
Your tentacled monstrosity tentacle-slaps the orb of fire!
Your tentacled monstrosity tentacle-slaps the orb of fire but does no damage. x2
Your large abomination completely misses the orb of fire.
Casting: Summon Horrible Things (mildly dangerous; 1% risk of failure)
Confirm with . or Enter, or press ? or * to list all spells.
Aiming: Bombard (safe; 0% risk of failure)
Press: ? - help, Shift-Dir - straight line, f/p - orb of fire
Aim: an orb of fire (heavily damaged, ally target, 50% to hit)
The iron shot misses the orb of fire.
Your eldritch tentacle slaps the orb of fire but does no damage.
Your eldritch tentacle claws the orb of fire!
Your eldritch tentacle freezes the orb of fire!!
The orb of fire resists.
Your large abomination closely misses the orb of fire.
Casting: Bombard (safe; 0% risk of failure)
Confirm with . or Enter, or press ? or * to list all spells.
Aiming: Bombard (safe; 0% risk of failure)
Press: ? - help, Shift-Dir - straight line, f/p - orb of fire
Aim: an orb of fire (severely damaged, ally target, 50% to hit)
The iron shot hits the orb of fire!!!
The orb of fire is almost destroyed.
Your eldritch tentacle slaps the orb of fire.
The orb of fire seems to speed up.
Your eldritch tentacle completely misses the orb of fire.
Your tentacled monstrosity tentacle-slaps the orb of fire.
Your tentacled monstrosity closely misses the orb of fire.
Your tentacled monstrosity tentacle-slaps the orb of fire but does no damage.
Your large abomination closely misses the orb of fire.
Your large abomination hits the orb of fire!
The orb of fire is destroyed!
Makhleb accepts your kill.
You feel your intelligence returning.
The portal closes; your eldritch tentacle is severed.
An eldritch tentacle is nearby!
An eldritch tentacle is nearby!
An eldritch tentacle is nearby!
There are no items here.
Unknown command.
The eldritch tentacle writhes!
The eldritch tentacle writhes!
The eldritch tentacle slaps your large abomination!!
The eldritch tentacle freezes your large abomination!!!
Your large abomination is destroyed!
Your large abomination disappears in a puff of smoke!
The eldritch tentacle writhes!
The eldritch tentacle writhes!
The eldritch tentacle writhes!
The eldritch tentacle slaps your tentacled monstrosity.
The eldritch tentacle claws your tentacled monstrosity!!!
Your tentacled monstrosity is engulfed in flames!
Your tentacled monstrosity resists.
The eldritch tentacle writhes!
The eldritch tentacle is destroyed!
Your tentacled monstrosity disappears in a puff of smoke!
Your tentacled monstrosity disappears in a puff of smoke!
Your extra speed is starting to run out.
You feel yourself slow down.
Your large abomination disappears in a puff of smoke!
Your large abomination disappears in a puff of smoke! x2
A Killer Klown is nearby!
Casting: Bombard (safe; 0% risk of failure)
Confirm with . or Enter, or press ? or * to list all spells.
Aiming: Bombard (safe; 0% risk of failure)
Press: ? - help, Shift-Dir - straight line, f - Killer Klown
Aim: a Killer Klown, wielding a +10 club (wandering, hasn't noticed you, 63% to hit)
The iron shot hits the Killer Klown!!!
The Killer Klown is moderately wounded.
The Killer Klown shouts!
The blast sends you backwards.
Casting: Bombard (safe; 0% risk of failure)
Confirm with . or Enter, or press ? or * to list all spells.
Aiming: Bombard (safe; 0% risk of failure)
Press: ? - help, Shift-Dir - straight line, f/p - Killer Klown
Aim: a Killer Klown, wielding a +10 club (moderately wounded, 63% to hit)
The iron shot misses the Killer Klown.
The Killer Klown pies you viciously! You block the klown pie.
Casting: Bombard (safe; 0% risk of failure)
Confirm with . or Enter, or press ? or * to list all spells.
Aiming: Bombard (safe; 0% risk of failure)
Press: ? - help, Shift-Dir - straight line, f/p - Killer Klown
Aim: a Killer Klown, wielding a +10 club (moderately wounded, 63% to hit)
The iron shot misses the Killer Klown.
The Killer Klown blinks!
A Killer Klown is nearby!
A Killer Klown is nearby!
Casting: Bombard (safe; 0% risk of failure)
Confirm with . or Enter, or press ? or * to list all spells.
You don't know that spell.
A moth of wrath comes into view.
The orb of destruction hits the moth of wrath!!!
You blow up the moth of wrath!
Makhleb accepts your kill.
The orb of destruction hits the Killer Klown!!!
The Killer Klown is heavily wounded.
Casting: Orb of Destruction (safe; 1% risk of failure)
Confirm with . or Enter, or press ? or * to list all spells.
Aiming: Bombard (safe; 0% risk of failure)
Press: ? - help, Shift-Dir - straight line, f/p - Killer Klown
Aim: a Killer Klown, wielding a +10 club (magical condensation, heavily wounded, 63% to hit)
The iron shot hits the Killer Klown!!!
The Killer Klown is almost dead.
The blast sends you backwards.
Casting: Bombard (safe; 0% risk of failure)
Confirm with . or Enter, or press ? or * to list all spells.
Aiming: Bombard (safe; 0% risk of failure)
Press: ? - help, Shift-Dir - straight line, f/p - Killer Klown
Aim: a Killer Klown, wielding a +10 club (severely wounded, 63% to hit)
The iron shot hits the Killer Klown!!
You kill the Killer Klown!
Makhleb accepts your kill.
You feel better.
Things that are here:
a +10 club; a Killer Klown corpse You see here a +8 club of electrocution.
An electric golem comes into view.
An electric golem is nearby!
The orb of destruction hits the electric golem!!!!
The electric golem is severely damaged.
The electric golem hurls lightning at you.
The bolt of lightning hits you! You resist.
A golden dragon comes into view.
Casting: Orb of Destruction (safe; 1% risk of failure)
Confirm with . or Enter, or press ? or * to list all spells.
Aiming: Orb of Destruction (safe; 1% risk of failure)
Press: ? - help, Shift-Dir - straight line, f - golden dragon, p - electric golem
Aim: a golden dragon (wandering, hasn't noticed you)
The golden dragon roars deafeningly!
The orb of destruction hits the electric golem!!!
The electric golem is almost destroyed.
The electric golem blinks!
The golden dragon breathes poison at you.
The electric golem crackles and sizzles.
You hear a roar!
Casting: Orb of Destruction (safe; 1% risk of failure)
Confirm with . or Enter, or press ? or * to list all spells.
Aiming: Orb of Destruction (safe; 1% risk of failure)
Press: ? - help, Shift-Dir - straight line, f - electric golem, p - golden dragon
Aim: an electric golem (almost destroyed)
The electric golem hurls lightning at you.
The bolt of lightning misses you.
The orb of destruction hits the golden dragon!!
The golden dragon is moderately wounded.
The electric golem blinks!
A tentacled monstrosity comes into view.
Casting: Orb of Destruction (safe; 1% risk of failure)
Confirm with . or Enter, or press ? or * to list all spells.
Aiming: Orb of Destruction (safe; 1% risk of failure)
Press: ? - help, Shift-Dir - straight line, f - golden dragon
Aim: a golden dragon (moderately wounded)
The golden dragon breathes poison at you.
The blast of poison misses you.
A purple draconian comes into view. It is wielding a +0 war axe.
Casting: Orb of Destruction (safe; 1% risk of failure)
Confirm with . or Enter, or press ? or * to list all spells.
Aiming: Orb of Destruction (safe; 1% risk of failure)
Press: ? - help, Shift-Dir - straight line, f - electric golem, p - golden dragon
Aim: an electric golem (almost destroyed, ally target)
The orb of destruction hits the golden dragon!!!
The golden dragon is severely wounded.
The orb of destruction hits the electric golem!!!
You blow up the electric golem!
Makhleb accepts your kill.
You feel better. The golden dragon breathes fire at you.
The bolt of fire misses you.
The purple draconian breathes dispelling energy at you.
The bolt of dispelling energy hits you!
Casting: Orb of Destruction (safe; 1% risk of failure)
Confirm with . or Enter, or press ? or * to list all spells.
The purple draconian breathes dispelling energy at you.
The bolt of dispelling energy hits you!
Casting: Summon Horrible Things (mildly dangerous; 1% risk of failure)
Confirm with . or Enter, or press ? or * to list all spells.
Your large abomination disappears in a puff of smoke!
Your tentacled monstrosity tentacle-slaps the golden dragon!
Your tentacled monstrosity tentacle-slaps the golden dragon but does no damage.
Your tentacled monstrosity tentacle-slaps the golden dragon.
You swap places.
The tentacled monstrosity tentacle-slaps your tentacled monstrosity! x2
The tentacled monstrosity tentacle-slaps your tentacled monstrosity but does no damage.
The tentacled monstrosity grabs your tentacled monstrosity.
The tentacled monstrosity constricts your tentacled monstrosity.
Something bites your tentacled monstrosity!
Something claws your tentacled monstrosity!
Something tramples your tentacled monstrosity but does no damage.
Your tentacled monstrosity tentacle-slaps the tentacled monstrosity. x3
The tentacled monstrosity constricts your tentacled monstrosity!
Something bites your tentacled monstrosity!
Something claws your tentacled monstrosity.
Something tramples your tentacled monstrosity.
Your tentacled monstrosity is held in place!
Your tentacled monstrosity escapes!
The purple draconian hits your large abomination with a +0 war axe!
A bolt of fire appears from out of your range of vision.
The bolt of fire hits your tentacled monstrosity!!
Your tentacled monstrosity resists.
The bolt of fire hits your large abomination!!!
Your large abomination hits the purple draconian!
The purple draconian breathes dispelling energy at you.
The bolt of dispelling energy hits your large abomination!!
The bolt of dispelling energy hits your tentacled monstrosity!
The bolt of dispelling energy hits you!
Something bites your large abomination but does no damage.
Something claws your large abomination.
Something tramples your large abomination.
Your large abomination stumbles backwards!
Your large abomination barely misses the purple draconian.
Your large abomination hits the golden dragon!!
The golden dragon dies!
Makhleb accepts your kill.
The tentacled monstrosity tentacle-slaps your tentacled monstrosity! x3
Your tentacled monstrosity dies!
Your tentacled monstrosity disappears in a puff of smoke!
Your large abomination hits the purple draconian!
Your large abomination hits the tentacled monstrosity!!
Your large abomination closely misses the purple draconian.
Your large abomination hits the tentacled monstrosity!!
Your large abomination hits the tentacled monstrosity!
Your large abomination barely misses the purple draconian.
The purple draconian closely misses your large abomination.
The purple draconian hits your large abomination with a +0 war axe! x2
Your large abomination is destroyed!
Your large abomination disappears in a puff of smoke!
The purple draconian completely misses your large abomination.
The tentacled monstrosity tentacle-slaps your large abomination but does no damage.
The tentacled monstrosity tentacle-slaps your large abomination.
The tentacled monstrosity tentacle-slaps your large abomination but does no damage.
The tentacled monstrosity barely misses your large abomination.
Your large abomination hits the tentacled monstrosity.
Your large abomination hits the tentacled monstrosity!!
Your large abomination hits the purple draconian. x2
The purple draconian hits your tentacled monstrosity with a +0 war axe!
The purple draconian barely misses your large abomination.
The purple draconian hits your large abomination with a +0 war axe.
Your large abomination is destroyed!
Your large abomination disappears in a puff of smoke!
The tentacled monstrosity tentacle-slaps your large abomination but does no damage.
The tentacled monstrosity closely misses your large abomination.
The tentacled monstrosity completely misses your large abomination.
The tentacled monstrosity barely misses your large abomination.
Your large abomination hits the tentacled monstrosity!!
Your large abomination hits the purple draconian but does no damage.
Your large abomination hits the tentacled monstrosity!!
The tentacled monstrosity dies!
Makhleb accepts your kill.
The purple draconian hits your tentacled monstrosity with a +0 war axe!
The purple draconian hits your large abomination but does no damage.
The purple draconian completely misses your large abomination.
Your large abomination barely misses the purple draconian.
Your tentacled monstrosity tentacle-slaps the purple draconian.
Your tentacled monstrosity tentacle-slaps the purple draconian!
Your tentacled monstrosity completely misses the purple draconian.
Your tentacled monstrosity grabs the purple draconian.
Your tentacled monstrosity constricts the purple draconian!
Your large abomination hits the purple draconian!!
The purple draconian hits your tentacled monstrosity with a +0 war axe!
The purple draconian hits your large abomination with a +0 war axe!!
The purple draconian hits your large abomination with a +0 war axe!
The purple draconian hits your large abomination but does no damage.
Your large abomination hits the purple draconian but does no damage.
Your tentacled monstrosity tentacle-slaps the purple draconian!
Your tentacled monstrosity completely misses the purple draconian.
Your tentacled monstrosity tentacle-slaps the purple draconian but does no damage.
Your tentacled monstrosity constricts the purple draconian!
Your large abomination hits the purple draconian!
The purple draconian dies!
Makhleb accepts your kill.
Your tentacled monstrosity disappears in a puff of smoke!
Your large abomination disappears in a puff of smoke!
Your large abomination disappears in a puff of smoke!
Your large abomination disappears in a puff of smoke!
Your large abomination disappears in a puff of smoke!
An Orb Guardian comes into view.
An Orb Guardian is nearby!
Casting: Orb of Destruction (safe; 1% risk of failure)
Confirm with . or Enter, or press ? or * to list all spells.
You can't see any susceptible monsters within range! (Use Z to cast anyway.) Unknown command.
The orb of destruction hits the Orb Guardian!!!
The Orb Guardian is severely wounded.
Casting: Orb of Destruction (safe; 1% risk of failure)
Confirm with . or Enter, or press ? or * to list all spells.
Aiming: Bombard (safe; 0% risk of failure)
Press: ? - help, Shift-Dir - straight line, f/p - Orb Guardian
Aim: an Orb Guardian (severely wounded, 69% to hit)
The iron shot misses the Orb Guardian.
The blast sends you backwards.
Casting: Bombard (safe; 0% risk of failure)
Confirm with . or Enter, or press ? or * to list all spells.
Aiming: Bombard (safe; 0% risk of failure)
Press: ? - help, Shift-Dir - straight line, f/p - Orb Guardian
Aim: an Orb Guardian (severely wounded, 69% to hit)
The iron shot misses the Orb Guardian.
Casting: Bombard (safe; 0% risk of failure)
Confirm with . or Enter, or press ? or * to list all spells.
Aiming: Bombard (safe; 0% risk of failure)
Press: ? - help, Shift-Dir - straight line, f/p - Orb Guardian
Aim: an Orb Guardian (severely wounded, 69% to hit)
The iron shot hits the Orb Guardian!!
You kill the Orb Guardian!
Makhleb accepts your kill. The blast sends you backwards.
Found Maxwell's Memoranda.
O - 2 scrolls of summoning (gained 1)
T - a wand of warping (61) (gained 3 charges)
Found a chain mail.
Done exploring.
Done exploring.
You see here the Orb of Zot.
You can't go up here!
You pick up the Orb of Zot!
The Orb lets out an ear-shattering shriek!
The lords of Pandemonium are not amused.
Beware!
Now all you have to do is get back out of the dungeon!
You see here a +8 club of electrocution.
You see here a +0 dire flail.
There is a stone staircase leading up here.
There is a stone staircase leading up here.
There is a stone staircase leading up here.
You fly upwards.
Level annotation: exclusions: downstairs and 2 orbs of fire
There is a stone staircase leading down here.
There is an escape hatch in the ceiling here.
There is a stone staircase leading up, spattered with blood here.
Things that are here:
+0 gold dragon scales; a golden dragon skeleton You can't go down here!
You fly upwards.
There is a stone staircase leading down, spattered with blood here.
Things that are here:
quicksilver dragon scales; a quicksilver dragon skeleton
There is a fountain of clear blue water here.
A demonspawn warmonger and a reaper come into view.
The demonspawn warmonger is wielding a +2 demon trident of flaming, wearing a +10 plate armour of ponderousness and wearing a +1 kite shield of protection.
The reaper is wielding a +7 heavy scythe.
The demonspawn warmonger moves out of view.
The reaper moves out of view.
Casting: Bombard (safe; 0% risk of failure)
Confirm with . or Enter, or press ? or * to list all spells.
You swap places.
Your large abomination closely misses the reaper.
A reaper is nearby!
Your large abomination barely misses the reaper.
The reaper hits your large abomination with a +7 heavy scythe!
An ice devil comes into view.
Your large abomination hits the reaper!
The ice devil moves out of view.
The reaper hits your large abomination with a +7 heavy scythe!!
Your large abomination barely misses the reaper.
Something hits your large abomination!
Your large abomination is destroyed!
Your large abomination disappears in a puff of smoke!
There is a stone staircase leading up here.
You fly upwards.
Level annotation: exclusion: 2 doom hounds, Grunn
There is a stone staircase leading down here.
There is an open door here.
There is a stone staircase leading up here.
You fly upwards.
There is a stone staircase leading down here.
There is an open gate here.
You see here a +0 short sword.
You see here a +2 scimitar of flaming.
There is an open gate here.
Things that are here:
a +0 giant club; an ogre skeleton
Items here: ( ))) [ ÷÷.
There is an open door, spattered with blood here.
Items here: )) [ ÷.
There is a fountain of blood here.
An Orb Guardian comes into view.
Casting: Summon Horrible Things (mildly dangerous; 1% risk of failure)
Confirm with . or Enter, or press ? or * to list all spells.
Your large abomination completely misses the Orb Guardian.
The Orb Guardian hits your large abomination!
Your large abomination hits the Orb Guardian!
Your tentacled monstrosity tentacle-slaps the Orb Guardian.
Your tentacled monstrosity misses the Orb Guardian.
Your tentacled monstrosity tentacle-slaps the Orb Guardian but does no damage.
There is an open door here.
The Orb Guardian hits your large abomination!!
The Orb Guardian hits your large abomination!!!
Your large abomination is destroyed!
Your large abomination disappears in a puff of smoke!
Your tentacled monstrosity tentacle-slaps the Orb Guardian!
Your tentacled monstrosity closely misses the Orb Guardian.
Your tentacled monstrosity tentacle-slaps the Orb Guardian.
Your tentacled monstrosity grabs the Orb Guardian.
Your tentacled monstrosity constricts the Orb Guardian!
Your large abomination hits the Orb Guardian!!!
The Orb Guardian hits your tentacled monstrosity but does no damage.
Your large abomination hits the Orb Guardian!
Your tentacled monstrosity tentacle-slaps the Orb Guardian but does no damage.
Your tentacled monstrosity tentacle-slaps the Orb Guardian!
The Orb Guardian dies!
Makhleb accepts your kill.
HP restored.
You hear a grinding noise.
You hear a grinding noise.
An orange demon opens the door.
An orange demon comes into view.
There is an open door here.
A cacodemon comes into view.
A sixfirhy comes into view.
The orange demon stings you but does no damage.
You block the orange demon's attack. You block the orange demon's attack.
Your large abomination closely misses the orange demon.
There is a gate leading back out of this place here.
The sixfirhy completely misses you. You block the sixfirhy's attack.
You fly up through the gate.
Welcome back to the Depths!
There is a gate to the Realm of Zot here.
Casting: Summon Horrible Things (mildly dangerous; 1% risk of failure)
Confirm with . or Enter, or press ? or * to list all spells.
The cacodemon misses you. You block the cacodemon's attack.
You barely miss the cacodemon.
The cacodemon hits you but does no damage.
You block the cacodemon's attack.
You puncture the cacodemon! You burn the cacodemon.
The cacodemon is lightly wounded.
Your large abomination hits the cacodemon.
The cacodemon hits you. You block the cacodemon's attack.
Your large abomination hits the cacodemon but does no damage.
Your large abomination hits the cacodemon!
Your large abomination closely misses the cacodemon.
The cacodemon attacks as it pursues you!
You block the cacodemon's attack. x2
Your large abomination hits the cacodemon!!
Your large abomination barely misses the cacodemon.
Your large abomination closely misses the cacodemon.
You block the cacodemon's attack. x2
You swap places.
Your large abomination hits the cacodemon!!
Your large abomination barely misses the cacodemon.
Your large abomination closely misses the cacodemon.
The cacodemon gestures at you. The bolt of devastation misses you.
You puncture the cacodemon! You burn the cacodemon.
The cacodemon is almost dead.
Your large abomination barely misses the cacodemon.
Your large abomination hits the cacodemon!
Your large abomination barely misses the cacodemon.
You closely miss the cacodemon.
The cacodemon is almost dead.
The cacodemon hits you but does no damage.
The cacodemon misses you.
You puncture the cacodemon! You burn the cacodemon.
The cacodemon is almost dead.
Your large abomination closely misses the cacodemon.
Your large abomination barely misses the cacodemon. x2
You block the cacodemon's attack.
The cacodemon hits you but does no damage.
You puncture the cacodemon! You burn the cacodemon.
You kill the cacodemon!
Makhleb accepts your kill.
You feel better.
There is an open door here.
A ynoxinul comes into view.
You can't go up here!
The ynoxinul gestures.
You reach to attack!
You hit the ufetubus. You burn the ufetubus.
The ufetubus is severely wounded.
You puncture the ufetubus! You burn the ufetubus.
You kill the ufetubus!
The ufetubus disappears in a puff of smoke!
The ynoxinul gestures.
You reach to attack!
You closely miss the ufetubus.
The ufetubus barely misses your large abomination. x2
You puncture the ufetubus! You burn the ufetubus.
You kill the ufetubus!
The ufetubus disappears in a puff of smoke!
Your large abomination hits the ufetubus!!
The ufetubus dies!
The ufetubus disappears in a puff of smoke!
Your large abomination hits the ufetubus!!
The ufetubus dies!
The ufetubus disappears in a puff of smoke!
Your large abomination disappears in a puff of smoke!
Your large abomination hits the ynoxinul!!
You closely miss the ynoxinul.
The ynoxinul is almost dead.
Your large abomination disappears in a puff of smoke!
The ynoxinul gestures at you. You block the iron shot.
You closely miss the ynoxinul.
The ynoxinul is almost dead.
Your large abomination closely misses the ynoxinul.
The ynoxinul gestures at you. You block the iron shot.
You puncture the ynoxinul! You burn the ynoxinul.
You kill the ynoxinul!
Makhleb accepts your kill.
No target in view!
Things that are here:
6 poisoned darts; a +2 battleaxe of freezing; a frost giant skeleton
There is a stone staircase leading up here.
You fly upwards.
Your summoned ally is left behind.
There is a stone staircase leading down here.
There is a stone staircase leading up here.
You fly upwards.
There is a stone staircase leading down here.
There is a gateway to Hell here.
There is a stone staircase leading up here.
You fly upwards.
There is a stone staircase leading down here.
A great orb of eyes comes into view.
A great orb of eyes is nearby!
Casting: Summon Horrible Things (mildly dangerous; 1% risk of failure)
Confirm with . or Enter, or press ? or * to list all spells.
Your large abomination hits the great orb of eyes but does no damage.
The great orb of eyes bites your large abomination!
Your large abomination hits the great orb of eyes!
Your large abomination barely misses the great orb of eyes.
Your large abomination hits the great orb of eyes!
Your large abomination barely misses the great orb of eyes.
Something bites your large abomination.
A hell beast comes into view.
You see here an ice dragon skeleton.
There is a staircase back to the Dungeon, spattered with blood here.
You block the hell beast's attack.
The hell beast tramples you but does no damage.
You block the hell beast's attack. x2
You fly upwards.
Welcome back to the Dungeon!
There is a staircase to the Depths here.
Casting: Summon Horrible Things (mildly dangerous; 1% risk of failure)
Confirm with . or Enter, or press ? or * to list all spells.
You block the hell beast's attack. x2
You barely miss the hell beast. You block the hell beast's attack. x2
You barely miss the hell beast. You block the hell beast's attack. x2
Your large abomination barely misses the hell beast.
You hit the hell beast. You burn the hell beast.
The hell beast is lightly wounded.
The hell beast bites you but does no damage.
The hell beast tramples you!
You are shoved backwards!
Your large abomination hits the hell beast!! x2
Your large abomination closely misses the hell beast.
You impale the hell beast!! You burn the hell beast.
You kill the hell beast!
Makhleb accepts your kill.
You feel better.
You swap places.
You swap places.
You see here a +0 ring mail.
HP restored.
Your large abomination disappears in a puff of smoke!
Your large abomination disappears in a puff of smoke!
You see here an ugly thing skeleton.
Your large abomination disappears in a puff of smoke!
Your large abomination disappears in a puff of smoke!
There is a stone staircase leading up here.
You fly upwards.
There is a stone staircase leading down here.
A Miehaohe, a soul eater and a lich come into view.
There is a stone staircase leading up, spattered with blood here.
You see here a +6 ring of strength.
There are monsters nearby!
The lich shouts!
You fly upwards.
There is a stone staircase leading down here.
There is an open door, spattered with blood here.
A reaper comes into view. It is wielding a +8 scythe of freezing.
Casting: Summon Horrible Things (mildly dangerous; 1% risk of failure)
Confirm with . or Enter, or press ? or * to list all spells.
The reaper hits you from afar with a +8 scythe of freezing!!
The reaper freezes you!
Your large abomination hits the reaper!
You could not reach far enough!
You could not reach far enough!
The reaper misses you.
Your large abomination closely misses the reaper.
Your large abomination hits the reaper!
You reach to attack!
You puncture the reaper! You burn the reaper.
The reaper is heavily wounded.
You block the reaper's attack.
Your large abomination hits the reaper but does no damage.
Your tentacled monstrosity tentacle-slaps the reaper!
Your tentacled monstrosity barely misses the reaper.
Your tentacled monstrosity tentacle-slaps the reaper.
Your tentacled monstrosity barely misses the reaper.
Your large abomination closely misses the reaper.
You could not reach far enough!
You reach to attack!
You hit the reaper. You burn the reaper.
The reaper is severely wounded.
The reaper barely misses you.
Your large abomination hits the reaper!!
The reaper dies!
Makhleb accepts your kill.
No target in view!
There is an open gate here.
There is a large open door here.
You see here a +0 robe.
You reach down and open the door.
There is an open door here.
There is an open gate here.
Your large abomination disappears in a puff of smoke!
There is a stone staircase leading up here.
You fly upwards.
Your summoned ally is left behind.
There is a stone staircase leading down here.
A balrug and 4 sun demons come into view.
You can't go up here!
Casting: Summon Horrible Things (mildly dangerous; 1% risk of failure)
Confirm with . or Enter, or press ? or * to list all spells.
Casting: Summon Horrible Things (mildly dangerous; 1% risk of failure)
Confirm with . or Enter, or press ? or * to list all spells.
Your large abomination disappears in a puff of smoke! x4
Your large abomination hits the sun demon!!
The balrug gestures at you. Something smites you!
The sun demon hits your large abomination!!
Your large abomination is engulfed in flames!!
Your tentacled monstrosity tentacle-slaps the sun demon.
Your tentacled monstrosity tentacle-slaps the sun demon but does no damage. x2
Your tentacled monstrosity completely misses the sun demon.
Your large abomination hits the sun demon but does no damage.
Your large abomination closely misses the sun demon.
Your large abomination hits the sun demon!
The sun demon barely misses your large abomination.
The sun demon hits something!
Something is engulfed in flames!!
Your tentacled monstrosity tentacle-slaps the sun demon but does no damage.
Your tentacled monstrosity tentacle-slaps the sun demon!
Your tentacled monstrosity closely misses the sun demon.
Your tentacled monstrosity grabs the sun demon.
Your tentacled monstrosity constricts the sun demon!
Your large abomination barely misses the sun demon.
The sun demon barely misses your large abomination.
The sun demon hits your tentacled monstrosity!
Your tentacled monstrosity is engulfed in flames!
Your tentacled monstrosity resists.
Your large abomination hits the balrug!!
Your tentacled monstrosity tentacle-slaps the sun demon!
The sun demon dies!
Makhleb accepts your kill.
Your large abomination barely misses the balrug. x2
Your large abomination hits the sun demon but does no damage.
The sun demon hits your tentacled monstrosity.
Your tentacled monstrosity is engulfed in flames.
Your tentacled monstrosity resists.
Your large abomination hits the balrug!
The balrug gestures at you. Something smites you!
Your tentacled monstrosity tentacle-slaps the sun demon but does no damage.
Your tentacled monstrosity barely misses the sun demon.
Your tentacled monstrosity tentacle-slaps the sun demon but does no damage.
Your tentacled monstrosity barely misses the sun demon.
Your large abomination hits the balrug!!
Something hits your tentacled monstrosity but does no damage.
The balrug gestures at you. Something smites you!
Your large abomination hits the balrug!!!
The balrug dies!
Makhleb accepts your kill.
The sun demon hits your large abomination!
Your large abomination is engulfed in flames!
Your large abomination closely misses the sun demon.
Your large abomination barely misses the sun demon.
The sun demon hits your large abomination!
Your large abomination is engulfed in flames!
You block the sun demon's attack.
A Zyerchyke and a hellwing come into view.
Things that are here:
a +0 giant spiked club; a +0 giant club Zyerchyke moves out of view.
The hellwing moves out of view.
The sun demon attacks as it pursues you!
You block the sun demon's attack.
Casting: Summon Horrible Things (mildly dangerous; 1% risk of failure)
Confirm with . or Enter, or press ? or * to list all spells.
You block the sun demon's attack.
Your large abomination closely misses the sun demon.
You hear a grinding noise.
You swap places.
The sun demon hits your large abomination!
Your large abomination is destroyed!
Your large abomination disappears in a puff of smoke!
The sun demon hits your large abomination!!
Your large abomination is engulfed in flames!
Your large abomination hits the sun demon!!
You hear a grinding noise.
You swap places.
The sun demon hits your large abomination!
Your large abomination is destroyed!
Your large abomination disappears in a puff of smoke!
The sun demon hits your large abomination!
Your large abomination is engulfed in flames!
The sun demon hits your large abomination!
Your large abomination is engulfed in flames!
Your large abomination is destroyed!
Your large abomination disappears in a puff of smoke!
You hear a grinding noise.
Your large abomination hits the sun demon but does no damage.
Your large abomination misses Zyerchyke.
Your large abomination hits Zyerchyke.
Your large abomination barely misses Zyerchyke.
You hear a grinding noise.
Your large abomination hits the sun demon!!
You feel yourself speed up. Something hits your large abomination!
Your large abomination is engulfed in flames!
The sun demon hits your large abomination!
Your large abomination is engulfed in flames!
Something hits your large abomination!
Your large abomination is destroyed!
Your large abomination disappears in a puff of smoke!
Your large abomination hits the sun demon!!
The sun demon dies!
Makhleb accepts your kill.
A cacodemon comes into view.
The cacodemon shouts!
There is a stone staircase leading up here.
You fly upwards.
There is a stone staircase leading down here.
There is a stone staircase leading up here.
You fly upwards.
There is a stone staircase leading down here.
You see here a polar bear skeleton.
Your extra speed is starting to run out.
There is a stone staircase leading up here.
You fly upwards.
There is a stone staircase leading down here.
You feel yourself slow down.
HP restored.
There is an open door here.
A rust devil comes into view.
You can't go up here!
You block the rust devil's attack.
The rust devil attacks as it pursues you!
The rust devil barely misses you.
The rust devil attacks as it pursues you!
The rust devil closely misses you.
There is a stone staircase leading up here.
You fly upwards.
Level annotation: exclusion: downstairs
There is a stone staircase leading down here.
Casting: Summon Horrible Things (mildly dangerous; 1% risk of failure)
Confirm with . or Enter, or press ? or * to list all spells.
The rust devil closely misses you.
You puncture the rust devil!
The rust devil is moderately wounded.
The rust devil hits you. The rust devil corrodes you!
You hit the rust devil but do no damage.
The rust devil is moderately wounded.
Your large abomination hits the rust devil!!
You block the rust devil's attack.
You hit the rust devil but do no damage.
The rust devil is almost dead.
Your large abomination hits the rust devil.
Your large abomination hits the rust devil but does no damage.
The rust devil barely misses your large abomination.
You closely miss the rust devil.
The rust devil is almost dead.
A rust devil is nearby!
You hit the rust devil but do no damage.
The rust devil is almost dead.
Your large abomination hits the rust devil!
Your large abomination barely misses the rust devil. x2
The rust devil barely misses your large abomination.
You catch the helpless rust devil completely off-guard!
You hit the rust devil.
You kill the rust devil!
Makhleb accepts your kill.
You feel better.
You are no longer corroded.
A Brimstone Fiend comes into view.
You can't go up here!
The Brimstone Fiend moves out of view.
Your large abomination disappears in a puff of smoke!
Your large abomination disappears in a puff of smoke!
Your large abomination hits the Brimstone Fiend!!
The Brimstone Fiend hits your large abomination but does no damage.
The Brimstone Fiend hits your large abomination!
The Brimstone Fiend hits your large abomination but does no damage.
There is a stone staircase leading up here.
You fly upwards.
There is a stone staircase leading down here.
You see here a water moccasin skeleton.
There is an escape hatch in the ceiling here.
A mysterious force pulls you upwards. The hatch slams shut behind you.
A golden eye comes into view.
There is a stone staircase leading down here.
A golden eye comes into view.
A golden eye comes into view.
The golden eye turns its gaze towards you.
A golden eye comes into view.
The golden eye blinks!
A golden eye comes into view.
A chaos spawn comes into view.
The golden eye blinks at you. You resist with almost no effort.
The golden eye blinks at you. You resist with almost no effort.
There is a stone staircase leading down here.
Aiming: Dig
Press: ? - help, Shift-Dir - straight line You can't see that place.
The rock shatters into small pieces.
The golden eye blinks!
Casting: Summon Horrible Things (mildly dangerous; 1% risk of failure)
Confirm with . or Enter, or press ? or * to list all spells.
The chaos spawn completely misses your large abomination.
You swap places.
The golden eye blinks at you. You resist with almost no effort.
The chaos spawn headbutts your large abomination but does no damage.
The golden eye blinks at you. You resist with almost no effort.
Your large abomination closely misses the chaos spawn.
You swap places.
The golden eye blinks at you. You resist with almost no effort.
The chaos spawn tentacle-slaps your large abomination!
The chaos spawn freezes your large abomination!
Your large abomination hits the chaos spawn!
The golden eye blinks!
The chaos spawn stings your large abomination!
The chaos spawn sears your large abomination!
Your large abomination is destroyed!
Your large abomination disappears in a puff of smoke!
The chaos spawn bites your large abomination.
Your large abomination seems to grow stronger.
Your large abomination barely misses the chaos spawn.
The chaos spawn barely misses your large abomination.
Your large abomination hits the chaos spawn!!
The chaos spawn dies!
Makhleb accepts your kill.
The chaos spawn degenerates into a cloud of primal chaos!
HP restored.
A profane servitor comes into view. It is wielding a +1 whip.
You see here an iguana skeleton.
Casting: Summon Horrible Things (mildly dangerous; 1% risk of failure)
Confirm with . or Enter, or press ? or * to list all spells.
Your mind reels, touched by the horrors through the portal.
You feel dopey.
Your large abomination disappears in a puff of smoke! x3
The profane servitor hits you with a +1 whip!
The profane servitor hits you but does no damage. x3
Your large abomination barely misses the profane servitor.
You swap places.
You block the profane servitor's attack. x2
Your large abomination completely misses the profane servitor.
Your large abomination closely misses the profane servitor. x2
Your large abomination hits the profane servitor!!
The profane servitor attacks as it pursues you!
The profane servitor barely misses you.
You block the profane servitor's attack.
The profane servitor hits you with a +1 whip!
The profane servitor hits you but does no damage.
Your large abomination completely misses the profane servitor.
You see here an iguana skeleton.
The profane servitor hits you with a +1 whip!
The profane servitor hits you with a +1 whip.
Your large abomination misses the profane servitor.
Your large abomination hits the profane servitor!
Your large abomination closely misses the profane servitor.
Your large abomination hits the profane servitor!
Your large abomination closely misses the profane servitor.
The profane servitor hits you but does no damage.
You block the profane servitor's attack.
You swap places.
The profane servitor hits your large abomination with a +1 whip! x2
Your large abomination barely misses the profane servitor.
Your large abomination misses the profane servitor. x2
Your large abomination closely misses the profane servitor.
The profane servitor hits your large abomination with a +1 whip! x2
Your large abomination hits the profane servitor!!
The profane servitor hits your large abomination with a +1 whip!
Your large abomination is destroyed!
Your large abomination disappears in a puff of smoke!
Your large abomination hits the profane servitor!!
Your large abomination hits the profane servitor!
There is an escape hatch in the ceiling here.
The profane servitor hits your large abomination with a +1 whip.
The profane servitor hits your large abomination with a +1 whip!
Your large abomination closely misses the profane servitor.
Your large abomination hits the profane servitor.
Your large abomination hits the profane servitor!!
Your large abomination closely misses the profane servitor.
Your large abomination misses the profane servitor.
The profane servitor hits your large abomination with a +1 whip.
The profane servitor hits your large abomination but does no damage.
Your large abomination hits the profane servitor.
The profane servitor hits your large abomination with a +1 whip.
The profane servitor hits your large abomination with a +1 whip!
Your large abomination hits the profane servitor.
Your large abomination hits the profane servitor!!
Your large abomination closely misses the profane servitor. x2
The profane servitor hits your large abomination with a +1 whip.
The profane servitor hits your large abomination but does no damage.
Your large abomination barely misses the profane servitor.
Your large abomination hits the profane servitor!
Your large abomination misses the profane servitor.
Your large abomination closely misses the profane servitor. x2
The profane servitor hits your large abomination with a +1 whip.
The profane servitor hits your large abomination with a +1 whip!
Your large abomination is destroyed!
Your large abomination disappears in a puff of smoke!
Your large abomination closely misses the profane servitor.
A Brimstone Fiend comes into view.
Your large abomination hits the profane servitor!
The profane servitor is destroyed!
Makhleb accepts your kill. The Brimstone Fiend gestures at you.
The sphere of damnation explodes!
The damnation engulfs your large abomination!!!
The damnation engulfs your large abomination!
The damnation engulfs your large abomination!!
A mysterious force pulls you upwards. The hatch slams shut behind you.
An Executioner comes into view.
You can't go up here!
Casting: Summon Horrible Things (mildly dangerous; 1% risk of failure)
Confirm with . or Enter, or press ? or * to list all spells.
You impale the Executioner!! You burn the Executioner.
The Executioner is moderately wounded.
The Executioner hits you! The Executioner misses you. The Executioner hits you.
You miss the Executioner.
The Executioner is moderately wounded.
You block the Executioner's attack.
The Executioner hits you but does no damage.
The Executioner misses you.
Your large abomination hits the Executioner!! x2
The Executioner dies!
Makhleb accepts your kill.
No target in view!
You swap places.
You see here a jackal skeleton.
There is a stone staircase leading up here.
You fly upwards.
Your summoned ally is left behind.
There is a stone staircase leading down here.
There is an escape hatch in the ceiling here.
A mysterious force pulls you upwards. The hatch slams shut behind you.
HP restored.
There is a stone staircase leading up here.
You fly upwards.
There is a stone staircase leading down here.
There is an escape hatch in the ceiling here.
A mysterious force pulls you upwards. The hatch slams shut behind you.
A Hell Sentinel comes into view.
The Hell Sentinel gestures at you.
The sphere of damnation explodes!
The damnation engulfs you!!!
Casting: Summon Horrible Things (mildly dangerous; 1% risk of failure)
Confirm with . or Enter, or press ? or * to list all spells.
Your skull pulses and throbs as words spoken in an unspeakable tongue drift across your psyche.
You feel dopey.
Casting: Summon Horrible Things (mildly dangerous; 1% risk of failure)
Confirm with . or Enter, or press ? or * to list all spells.
Your large abomination disappears in a puff of smoke! x2
The Hell Sentinel gestures at you.
The iron shot hits your large abomination!!!
Your large abomination is destroyed!
Your large abomination disappears in a puff of smoke!
Your tentacled monstrosity tentacle-slaps the Hell Sentinel.
Your tentacled monstrosity tentacle-slaps the Hell Sentinel but does no damage.
Your tentacled monstrosity tentacle-slaps the Hell Sentinel.
Your tentacled monstrosity grabs the Hell Sentinel.
Your tentacled monstrosity constricts the Hell Sentinel.
You swap places.
Your large abomination disappears in a puff of smoke!
The Hell Sentinel escapes!
Your large abomination hits the Hell Sentinel!
Your tentacled monstrosity tentacle-slaps the Hell Sentinel but does no damage.
Your tentacled monstrosity barely misses the Hell Sentinel.
Your tentacled monstrosity tentacle-slaps the Hell Sentinel but does no damage.
Your tentacled monstrosity grabs the Hell Sentinel.
Your tentacled monstrosity constricts the Hell Sentinel.
The Hell Sentinel completely misses your large abomination.
The Hell Sentinel closely misses your large abomination.
Your large abomination hits the Hell Sentinel!
Your tentacled monstrosity tentacle-slaps the Hell Sentinel!
Your tentacled monstrosity tentacle-slaps the Hell Sentinel but does no damage. x2
Your tentacled monstrosity constricts the Hell Sentinel!
What are your orders? t - Shout!
Orders for allies: a - Attack new target. r - Retreat! s - Stop attacking. g - Guard the area. f - Follow me.
Anything else - Cancel.
Gang up on whom?
Press: ? - help, Dir - move target, f - Hell Sentinel
Aim: a Hell Sentinel (moderately wounded, constricted by your tentacled monstrosity, ally target) Attack!
The Hell Sentinel hits your large abomination!
The Hell Sentinel hits your large abomination but does no damage.
Your large abomination hits the Hell Sentinel!!
Your tentacled monstrosity tentacle-slaps the Hell Sentinel but does no damage.
Your tentacled monstrosity tentacle-slaps the Hell Sentinel!
Your tentacled monstrosity tentacle-slaps the Hell Sentinel but does no damage.
Your tentacled monstrosity constricts the Hell Sentinel.
The Hell Sentinel hits your tentacled monstrosity!
The Hell Sentinel barely misses your tentacled monstrosity.
Your large abomination completely misses the Hell Sentinel.
Your tentacled monstrosity tentacle-slaps the Hell Sentinel but does no damage. x3
Your tentacled monstrosity constricts the Hell Sentinel!
The Hell Sentinel hits your tentacled monstrosity!! x2
Your large abomination hits the Hell Sentinel!!
Your tentacled monstrosity tentacle-slaps the Hell Sentinel.
Your tentacled monstrosity tentacle-slaps the Hell Sentinel! x2
The Hell Sentinel dies!
Makhleb accepts your kill.
Training target 18.0 for Armour reached!
Your Armour skill increases to level 18!
You swap places.
You swap places.
You swap places.
There is a fountain of clear blue water here.
There is a staircase leading out of the dungeon here.
You have escaped!

....##.....#.#..#.#.## #....
.......###.......^#.# #....
..###........#..###.# #....
#.†.###......#.X###.##### ####.
###.###........X........# #..
###..##....##♣♣♣.♣♣♣##..# #.#
........#..# ♣⌠♣ #..# #.#
####.......♣♣♣♣♣X♣♣♣♣♣..# ##.#
####..........⌠.@X⌠.....# #..#
#....##....♣♣♣♣♣.♣♣♣♣♣..# #.##
..#####....# ♣⌠♣ #..######.##
..#####....##♣♣♣.♣♣♣##...........
...##..........[........#####..#.
............##.###.....######.###
....#..........#######........)..
....#......##.[.## #######..###
....#......##....###### #.##


You could see a friendly tentacled monstrosity (summoned) and 3 friendly large
abominations.

Vanquished Creatures
  2 dread liches (Crypt:3)
  4 ancient liches
  Mara (Depths:2)
  An orb of fire (Zot:5)
  A juggernaut (Depths:2)
  the Lernaean hydra (Swamp:4)
  Boris (Depths:2)
  4 Killer Klowns (Zot:5)
  A Head Instructor (WizLab)
  5 golden dragons
  2 electric golems (Zot:5)
  12 tentacled monstrosities
  Mlioglotl (Swamp:2)
  3 liches
  3 deep elf master archers (Elf:3)
  5 deep elf blademasters
  14 Orb Guardians (Zot:5)
  Gastronok (D:9)
  4 quicksilver dragons
  A death cob (Zot:5)
  5 sphinxes
  Frances (D:12)
  An eldritch tentacle (Vaults:3)
  A titan (Depths:4)
  4 tentacled starspawn
  4 shadow dragons
  2 ancient champions
  3 tengu reavers
  3 nagarajas
  A storm dragon (Zot:3)
  A draconian monk (Zot:2)
  6 fire giants
  2 protean progenitors
  2 draconian shifters
  3 deep elf sorcerers (Elf:3)
  A ghost moth (Zot:5)
  A draconian knight (Zot:4)
  A frost giant (Depths:4)
  13 vault wardens
  3 curse skulls (Crypt:2)
  2 orc warlords
  4 deep elf elementalists
  A cacodemon (Depths:4)
  2 ghouls
  A reaper (Crypt:2)
  A quicksilver ooze (Gauntlet)
  3 draconian stormcallers
  10 ironbound preservers
  2 formless jellyfish
  A spriggan defender (Depths:2)
  4 very ugly things (Depths:2)
  6 vampire knights
  3 ironbound thunderhulks
  2 deep elf demonologists (Elf:3)
  A draconian annihilator (Depths:3)
  8 stone giants
  5 deep elf death magi
  A purple draconian (Zot:3)
  Nessos (D:13)
  A green draconian (Depths:4)
  5 eleionomae
  5 white draconians
  3 red draconians
  6 dire elephants
  6 spark wasps
  3 war gargoyles
  A yellow draconian (Depths:4)
  5 deep elf annihilators
  6 ettins
  8 bunyips
  4 eidola
  6 fire dragons
  Josephine (D:15)
  A jiangshi (Crypt:3)
  A kraken zombie (Crypt:1)
  7 yaktaur captains
  A merfolk javelineer (Depths:3)
  2 entropy weavers
  13 hydras
  An ice dragon (Depths:1)
  11 vault guards
  Erolcha (D:9)
  7 rakshasas
  An ogre mage (D:15)
  5 great orbs of eyes
  5 ghost crabs
  A catoblepas (D:15)
  A hell beast (D:15)
  A fenstrider witch skeleton (Crypt:3)
  2 salamander tyrants
  9 ironbound frosthearts
  A spriggan air mage (Swamp:4)
  11 alligators
  4 boulder beetles
  9 two-headed ogres
  5 anacondas
  29 dancing weapons
  9 death yaks
  5 tengu warriors
  9 deep troll earth magi
  2 centaur warriors
  A deep troll shaman (Depths:1)
  7 naga warriors
  4 vampire magi
  6 naga sharpshooters
  2 thrashing horrors
  An orc high priest (Vaults:2)
  2 shock serpents
  4 occultists
  2 spriggan berserkers
  19 deep elf knights
  A shadow wraith (Crypt:3)
  8 iron trolls
  7 hell knights
  3 soul eaters (Depths:3)
  A sixfirhy (Abyss:5)
  A skyshark (Lair:3)
  A wretched star (Abyss:5)
  Amaemon (Lair:3)
  5 skeletal warriors
  2 salamander mystics
  4 bog bodies
  A death drake (Swamp:4)
  A spark wasp zombie (Depths:2)
  2 spriggan druids
  42 deep trolls
  A goliath frog (Swamp:3)
  3 large abominations
  12 swamp dragons
  10 mana vipers
  13 glowing orange brains
  2 flayed ghosts
  2 naga ritualists
  7 lindwurms
  14 ironbound convokers
  3 arcanists
  22 deep elf pyromancers
  3 thermic dynamos (Elf:2)
  4 phantasmal warriors
  10 deep elf archers
  20 deep elf zephyrmancers
  6 orc knights
  3 harpies (Vaults:2)
  5 necromancers
  32 ugly things
  4 salamanders
  A wolf spider (Lair:5)
  A will-o-the-wisp (Swamp:1)
  5 cyclopes
  6 elephants
  4 manticores
  A salamander (shapeshifter) (Elf:1)
  A meliai (D:15)
  A moth of wrath (shapeshifter) (Elf:3)
  An eleionoma skeleton (Crypt:1)
  14 moths of wrath
  A kobold blastminer (Orc:2)
  An apocalypse crab (Abyss:4)
  2 meliai (shapeshifter)
  A dire elephant zombie (Crypt:3)
  12 naga magi
  An ice statue (IceCv)
  A guardian serpent (shapeshifter) (Depths:2)
  A rust devil (D:8)
  7 vault sentinels
  18 black mambas
  2 guardian serpents
  4 cane toads
  2 smoke demons
  4 gargoyles
  2 unseen horrors
  An unseen horror (shapeshifter) (D:14)
  4 komodo dragons
  4 orange demons (D:15)
  A minotaur zombie (Gauntlet)
  22 yaktaurs
  5 rime drakes
  An efreet (D:14)
  2 freezing wraiths
  Psyche (D:9)
  A red devil (D:15)
  A yaktaur skeleton (Vaults:2)
  6 tyrant leeches
  A silent spectre (Depths:3)
  3 ancient zymes
  2 trolls
  3 bloated husks
  4 polar bears
  A merfolk (shapeshifter) (Depths:2)
  A tarantella (shapeshifter) (D:15)
  7 hornets
  11 blink frogs
  A raiju (shapeshifter) (Elf:3)
  A glass eye (shapeshifter) (Depths:2)
  A snapping turtle (shapeshifter) (Depths:2)
  3 raiju
  A harpy skeleton (Abyss:4)
  A human simulacrum (Vaults:2)
  A glass eye (Depths:4)
  29 slime creatures
  An ettin zombie (Vaults:2)
  A satyr zombie (Crypt:3)
  Sigmund (D:3)
  A guardian serpent skeleton (Crypt:2)
  5 air elementals
  2 ynoxinuls
  2 shadows
  7 spriggans
  An ice dragon skeleton (Crypt:3)
  5 water elementals
  3 wyverns
  25 yaks
  13 wraiths
  4 basilisks
  3 fire elementals
  A warg (shapeshifter) (D:13)
  A golden eye (Abyss:2)
  3 steam dragons
  10 vampire mosquitoes
  A harpy simulacrum (Crypt:2)
  Edmund (D:6)
  A chaos spawn (Abyss:5)
  22 nagas
  5 small abominations
  16 swamp worms
  13 water moccasins
  16 orc warriors
  A lindwurm zombie (Crypt:2)
  5 swamp drakes (Swamp:4)
  7 ice beasts
  2 sky beasts
  A laughing skull (Vaults:2)
  A fire dragon simulacrum (Crypt:3)
  15 wolves
  18 ogres
  8 centaurs
  A hog skeleton (Crypt:1)
  4 kobold brigands
  A phantom (D:7)
  A nameless horror (Crypt:3)
  A wyvern zombie (Crypt:2)
  10 bullfrogs
  An earth elemental (Elf:2)
  A wyvern skeleton (Crypt:3)
  A scorpion (D:5)
  9 wights
  A cyclops skeleton (Crypt:2)
  7 killer bees
  5 electric eels
  4 howler monkeys
  3 bombardier beetles
  2 komodo dragon simulacra (IceCv)
  12 orc priests
  2 gnoll boudas
  2 jellies
  2 hounds
  A human zombie (Crypt:3)
  3 starcursed masses
  5 iguanas
  12 orc wizards
  3 mummies (Crypt:3)
  15 gnolls
  4 acid dragon simulacra (IceCv)
  5 adders
  2 white imps
  3 ufetubi
  4 steam dragon simulacra (IceCv)
  A jelly zombie (Crypt:1)
  3 dart slugs
  3 ribbon worms
  34 orcs
  8 bats
  4 endoplasms
  4 giant cockroaches
  8 goblins
  7 hobgoblins
  6 jackals
  A kobold (shapeshifter) (D:14)
  21 kobolds
  10 quokkas
  8 ball pythons
  2 frilled lizards
  A jackal skeleton (Crypt:3)
  5 rats
  A starspawn tentacle (Abyss:4)
1391 creatures vanquished.

Vanquished Creatures (collateral kills)
  A dread lich (Zot:5)
  An orb of fire (Zot:5)
  An ancient lich (Depths:2)
  Vv (Crypt:2)
  2 Killer Klowns
  5 caustic shrikes (Depths:4)
  A curse toe (Zot:3)
  A profane servitor (D:6)
  6 golden dragons
  2 electric golems
  3 bone dragons
  10 tentacled monstrosities
  A Hell Sentinel (D:1)
  A shard shrike skeleton (Crypt:1)
  2 quicksilver dragons (Zot:3)
  12 Orb Guardians
  A deep elf blademaster (Elf:3)
  2 sphinxes
  8 ancient champions
  A walking frostbound tome (Depths:4)
  A titan (Zot:1)
  2 Executioners
  4 tentacled starspawn
  A thorn hunter (Abyss:5)
  3 storm dragons
  4 death cobs
  Kirke (D:13)
  A tengu reaver (D:12)
  An eldritch tentacle (Depths:2)
  4 shadow dragons
  A revenant (Crypt:1)
  3 nagarajas
  3 draconian monks
  4 draconian scorchers
  A protean progenitor (Zot:3)
  4 fire giants
  7 draconian knights
  3 draconian shifters
  8 frost giants
  An iron dragon (Depths:3)
  A balrug (D:12)
  4 deep elf elementalists (Elf:1)
  A ghost moth (Abyss:5)
  2 curse skulls
  8 vault wardens
  2 cacodemons (Abyss:4)
  A juggernaut zombie (Crypt:3)
  2 reapers
  A shard shrike simulacrum (Abyss:4)
  2 orc warlords
  3 draconian stormcallers
  A caustic shrike zombie (Crypt:3)
  3 ironbound preservers
  An ironbound thunderhulk (Vaults:4)
  7 ghouls
  A spriggan defender (Depths:2)
  4 draconian annihilators
  6 very ugly things
  6 stone giants
  4 black draconians
  3 deep elf demonologists (Depths:3)
  A deep elf death mage (Elf:1)
  6 green draconians
  3 yellow draconians
  2 deep elf annihilators (Elf:3)
  A war gargoyle (Vaults:1)
  A minotaur (Gauntlet)
  5 vampire knights
  5 purple draconians
  4 white draconians
  3 bunyips
  3 spark wasps
  5 red draconians
  2 eidola (Crypt:1)
  A crystal guardian (Vaults:3)
  5 ettins
  A fire dragon (Depths:4)
  Snorg (D:13)
  An entropy weaver (Vaults:2)
  A merfolk impaler (Depths:3)
  A deep elf high priest (Depths:2)
  10 jiangshi
  Fannar (D:10)
  A yaktaur captain (Vaults:1)
  Harold (Lair:2)
  2 hydras
  A great orb of eyes (Abyss:4)
  3 peacekeepers
  A salamander tyrant (Snake:4)
  4 vault guards
  A catoblepas (Lair:5)
  A fenstrider witch skeleton (Crypt:1)
  2 spriggan skeletons
  The ghost of runemasterragnar the Skirmisher, a journeyman CoHu of Okawaru (D:12)
  3 ice dragons (Depths:4)
  2 ironbound frosthearts
  2 rakshasas
  5 spriggan air magi
  4 death knights
  An alligator (Swamp:4)
  2 boulder beetles
  A dancing weapon (Elf:1)
  A satyr (Abyss:5)
  5 two-headed ogres
  10 anacondas
  2 centaur warriors
  A sphinx skeleton (Crypt:2)
  A tengu warrior (Depths:2)
  A deep troll shaman (Depths:3)
  A deep troll earth mage (Depths:3)
  10 death yaks
  6 thrashing horrors
  4 naga sharpshooters
  A spriggan (Swamp:4)
  A spriggan berserker (Depths:3)
  9 naga warriors
  2 shock serpents (Snake:2)
  A storm dragon zombie (Crypt:3)
  4 occultists
  5 vampire magi
  3 sun demons
  6 iron trolls
  3 wretched stars
  2 hell knights
  8 soul eaters
  7 deep elf knights
  22 skeletal warriors
  A sixfirhy (Abyss:5)
  2 goliath frogs (Zot:3)
  2 salamander mystics
  A bunyip zombie (Crypt:3)
  A shadow wraith (Crypt:3)
  4 bog bodies
  4 flayed ghosts
  2 spriggan druids
  2 glowing orange brains
  3 anaconda zombies
  An orb spider (Abyss:3)
  5 naga ritualists
  16 deep trolls
  3 swamp dragons
  A mana viper (shapeshifter) (Depths:2)
  2 arcanists
  2 deep elf zephyrmancers (Elf:1)
  A deep elf archer (Elf:1)
  5 mana vipers
  2 orc knights (Orc:2)
  A goliath frog zombie (Crypt:1)
  7 phantasmal warriors
  7 necromancers
  A shadow dragon zombie (Crypt:1)
  8 large abominations
  An obsidian bat (Orc:2)
  An anaconda skeleton (Crypt:2)
  A stone giant zombie (Crypt:3)
  An oklob plant (Lair:2)
  16 ugly things
  4 deep elf pyromancers (Elf:1)
  5 orc sorcerers
  4 worldbinders
  3 elephants
  A draconian zombie (Crypt:1)
  2 will-o-the-wisps
  6 moths of wrath
  An iron dragon skeleton (Crypt:3)
  7 salamanders
  A stone giant skeleton (Crypt:3)
  A shadow dragon skeleton (Crypt:1)
  A meliai (shapeshifter) (Lair:5)
  A rust devil (Abyss:4)
  12 naga magi
  A water nymph (Abyss:5)
  An ice statue (IceCv)
  4 kobold blastminers
  4 guardian serpents
  16 black mambas
  A mana viper zombie (Crypt:3)
  2 apocalypse crabs
  5 smoke demons
  2 vault sentinels
  3 cane toads
  A dire elephant skeleton (Abyss:5)
  An eye of devastation (shapeshifter) (Abyss:4)
  An orange demon (Lair:3)
  4 komodo dragons
  4 rime drakes
  5 centaur skeletons
  4 efreet
  A yaktaur (shapeshifter) (D:13)
  2 freezing wraiths (Crypt:1)
  13 yaktaurs
  8 guardian mummies
  A bunyip simulacrum (Crypt:2)
  A death yak skeleton (Crypt:3)
  4 ancient zymes
  2 harpy zombies (Crypt:3)
  6 trolls
  A hellwing (Abyss:4)
  3 polar bears
  A harpy skeleton (Crypt:2)
  3 hornets
  A tyrant leech (Swamp:3)
  10 blink frogs
  A satyr zombie (Crypt:3)
  7 raiju
  A nameless horror (Abyss:5)
  19 slime creatures
  An air elemental (Elf:1)
  7 wraiths
  4 ynoxinuls
  A wyvern (Lair:4)
  2 spriggans (shapeshifter) (D:13)
  12 yaks
  5 water elementals
  2 shadows
  A vampire (Abyss:4)
  3 basilisks (Lair:5)
  A wind drake zombie (Crypt:2)
  3 golden eyes (Abyss:2)
  A fire elemental (Depths:3)
  3 neqoxecs
  A warg (Orc:1)
  A redback (Vaults:2)
  5 hogs (D:13)
  2 swamp worms
  2 vampire mosquitoes (Swamp:1)
  4 chaos spawn
  13 small abominations
  A naga zombie (Crypt:3)
  21 nagas
  6 water moccasins
  2 entropy weaver zombies
  A swamp drake (Swamp:4)
  19 orc warriors
  5 ogres
  19 laughing skulls
  A black bear (Lair:2)
  An ettin simulacrum (Crypt:3)
  5 centaurs (Orc:2)
  11 wolves
  16 starcursed masses
  A rime drake skeleton (Crypt:1)
  2 bullfrogs (Lair:3)
  A lindwurm simulacrum (IceCv)
  3 komodo dragon simulacra (IceCv)
  A bullfrog zombie (Crypt:2)
  A human zombie (Crypt:1)
  3 human skeletons (Crypt:1)
  3 orc wizards
  9 mummies
  A howler monkey zombie (Crypt:1)
  5 acid dragon simulacra (IceCv)
  A shadow imp (Abyss:2)
  2 steam dragon simulacra (IceCv)
  23 orcs
  An endoplasm (Abyss:4)
  A hobgoblin zombie (Crypt:3)
  5 starspawn tentacles
941 creatures vanquished.

Vanquished Creatures (others)
  45 eldritch tentacles
  A draconian shifter (Zot:3)
  A draconian knight (Zot:3)
  A draconian annihilator (Zot:3)
  A thrashing horror (Abyss:4)
  A deep elf knight (Elf:1)
  A shadow wraith (Crypt:2)
  A necromancer (Vaults:2)
  A deep elf zephyrmancer (Elf:1)
  A salamander (Snake:1)
  2 moths of wrath (Zot:1)
  A titan simulacrum (Abyss:4)
  2 cane toads (Lair:3)
  A kobold demonologist (Depths:3)
  A tyrant leech (Swamp:1)
  A human (Depths:3)
  A laughing skull (D:12)
  A centaur (Orc:2)
  A starcursed mass (Abyss:4)
  A small abomination (Abyss:4)
  An orc (D:7)
  2 kobolds (D:10)
  10 foxfires
  A lurking horror (Abyss:5)
  21 starspawn tentacles
101 creatures vanquished.

Grand Total: 2433 creatures vanquished

Notes
Turn   | Place    | Note
-------+----------+-------------------------------------------
     0 | D:1      | sleeves the Djinni Artificer began the quest for the Orb.
     0 | D:1      | Reached XP level 1. HP: 17/17 MP: 0/0
   148 | D:1      | Reached skill level 1 in Spellcasting
   148 | D:1      | Reached skill level 1 in Conjurations
   148 | D:1      | Reached skill level 1 in Hexes
   148 | D:1      | Reached skill level 1 in Summonings
   148 | D:1      | Reached skill level 1 in Necromancy
   148 | D:1      | Reached skill level 1 in Translocations
   148 | D:1      | Reached skill level 1 in Fire Magic
   148 | D:1      | Reached skill level 1 in Ice Magic
   148 | D:1      | Reached skill level 1 in Air Magic
   148 | D:1      | Reached skill level 1 in Earth Magic
   148 | D:1      | Reached skill level 1 in Alchemy
   156 | D:1      | Reached XP level 2. HP: 17/22 MP: 0/0
   356 | D:1      | HP: 9/22 [hobgoblin (3)]
   359 | D:1      | Reached XP level 3. HP: 10/27 MP: 0/0
   359 | D:1      | Learned a level 1 spell: Sandblast
   492 | D:1      | Reached skill level 2 in Spellcasting
   492 | D:1      | Reached skill level 2 in Conjurations
   492 | D:1      | Reached skill level 2 in Hexes
   492 | D:1      | Reached skill level 2 in Summonings
   492 | D:1      | Reached skill level 2 in Necromancy
   492 | D:1      | Reached skill level 2 in Translocations
   492 | D:1      | Reached skill level 2 in Fire Magic
   492 | D:1      | Reached skill level 2 in Ice Magic
   492 | D:1      | Reached skill level 2 in Air Magic
   492 | D:1      | Reached skill level 2 in Earth Magic
   492 | D:1      | Reached skill level 2 in Alchemy
   966 | D:2      | Reached XP level 4. HP: 31/32 MP: 0/0
  1020 | D:2      | You are sucked into a shaft and drop 2 floors!
  1341 | D:3      | Found Koijoon's Jewellery Shoppe.
  1386 | D:3      | Noticed Sigmund
  1415 | D:3      | HP: 16/32 [orc priest/divine providence (15)]
  1533 | D:3      | HP: 10/32 [orc priest/+0 hand axe (6)]
  1640 | D:4      | HP: 16/32 [bombardier beetle (4)]
  1647 | D:4      | HP: 11/32 [burnt (1)]
  1648 | D:4      | Reached skill level 3 in Spellcasting
  1648 | D:4      | Reached skill level 3 in Conjurations
  1648 | D:4      | Reached skill level 3 in Hexes
  1648 | D:4      | Reached skill level 3 in Summonings
  1648 | D:4      | Reached skill level 3 in Necromancy
  1648 | D:4      | Reached skill level 3 in Translocations
  1648 | D:4      | Reached skill level 3 in Fire Magic
  1648 | D:4      | Reached skill level 3 in Ice Magic
  1648 | D:4      | Reached skill level 3 in Air Magic
  1648 | D:4      | Reached skill level 3 in Earth Magic
  1648 | D:4      | Reached skill level 3 in Alchemy
  1648 | D:4      | Reached XP level 5. HP: 13/37 MP: 0/0
  1648 | D:4      | Learned a level 2 spell: Scorch
  1986 | D:4      | HP: 16/37 [iguana (11)]
  2242 | D:2      | Reached skill level 4 in Spellcasting
  2242 | D:2      | Reached skill level 4 in Conjurations
  2242 | D:2      | Reached skill level 4 in Hexes
  2242 | D:2      | Reached skill level 4 in Summonings
  2242 | D:2      | Reached skill level 4 in Necromancy
  2242 | D:2      | Reached skill level 4 in Translocations
  2242 | D:2      | Reached skill level 4 in Fire Magic
  2242 | D:2      | Reached skill level 4 in Ice Magic
  2242 | D:2      | Reached skill level 4 in Air Magic
  2242 | D:2      | Reached skill level 4 in Earth Magic
  2242 | D:2      | Reached skill level 4 in Alchemy
  2579 | D:3      | Reached XP level 6. HP: 40/42 MP: 0/0
  2705 | D:3      | Killed Sigmund
  2828 | D:3      | Reached skill level 5 in Spellcasting
  2828 | D:3      | Reached skill level 5 in Conjurations
  2828 | D:3      | Reached skill level 5 in Hexes
  2828 | D:3      | Reached skill level 5 in Summonings
  2828 | D:3      | Reached skill level 5 in Necromancy
  2828 | D:3      | Reached skill level 5 in Translocations
  2828 | D:3      | Reached skill level 5 in Fire Magic
  2828 | D:3      | Reached skill level 5 in Ice Magic
  2828 | D:3      | Reached skill level 5 in Air Magic
  2828 | D:3      | Reached skill level 5 in Earth Magic
  2828 | D:3      | Reached skill level 5 in Alchemy
  2833 | D:3      | Reached XP level 7. HP: 40/47 MP: 0/0
  2833 | D:3      | Learned a level 3 spell: Confusing Touch
  3934 | D:5      | Entered Level 5 of the Dungeon
  4115 | D:5      | HP: 17/47 [gnoll/+2 flail of protection (10)]
  4380 | D:5      | Reached skill level 6 in Spellcasting
  4380 | D:5      | Reached skill level 6 in Conjurations
  4380 | D:5      | Reached skill level 6 in Hexes
  4380 | D:5      | Reached skill level 6 in Summonings
  4380 | D:5      | Reached skill level 6 in Necromancy
  4380 | D:5      | Reached skill level 6 in Translocations
  4380 | D:5      | Reached skill level 6 in Fire Magic
  4380 | D:5      | Reached skill level 6 in Ice Magic
  4380 | D:5      | Reached skill level 6 in Air Magic
  4380 | D:5      | Reached skill level 6 in Earth Magic
  4380 | D:5      | Reached skill level 6 in Alchemy
  4484 | D:5      | Reached XP level 8. HP: 46/52 MP: 0/0
  4787 | D:5      | Reached skill level 7 in Spellcasting
  4787 | D:5      | Reached skill level 7 in Conjurations
  4787 | D:5      | Reached skill level 7 in Hexes
  4787 | D:5      | Reached skill level 7 in Summonings
  4787 | D:5      | Reached skill level 7 in Necromancy
  4787 | D:5      | Reached skill level 7 in Translocations
  4787 | D:5      | Reached skill level 7 in Fire Magic
  4787 | D:5      | Reached skill level 7 in Ice Magic
  4787 | D:5      | Reached skill level 7 in Air Magic
  4787 | D:5      | Reached skill level 7 in Earth Magic
  4787 | D:5      | Reached skill level 7 in Alchemy
  4998 | D:6      | Reached skill level 8 in Spellcasting
  4998 | D:6      | Reached skill level 8 in Conjurations
  4998 | D:6      | Reached skill level 8 in Hexes
  4998 | D:6      | Reached skill level 8 in Summonings
  4998 | D:6      | Reached skill level 8 in Necromancy
  4998 | D:6      | Reached skill level 8 in Translocations
  4998 | D:6      | Reached skill level 8 in Fire Magic
  4998 | D:6      | Reached skill level 8 in Ice Magic
  4998 | D:6      | Reached skill level 8 in Air Magic
  4998 | D:6      | Reached skill level 8 in Earth Magic
  4998 | D:6      | Reached skill level 8 in Alchemy
  4998 | D:6      | Reached XP level 9. HP: 51/57 MP: 0/0
  4998 | D:6      | Learned a level 3 spell: Passwall
  5228 | D:6      | Found Daost's Assorted Antiques.
  5284 | D:6      | Found a staircase to the Ecumenical Temple.
  5297 | Temple   | Found a transporter.
  5297 | Temple   | Found a transporter.
  5297 | Temple   | Found a transporter.
  5297 | Temple   | Found a transporter.
  5297 | Temple   | Entered the Ecumenical Temple
  5313 | Temple   | Became a worshipper of Makhleb the Destroyer
  5336 | D:6      | Noticed Edmund
  5342 | D:6      | Killed Edmund
  5657 | D:6      | Found a broken altar of Ashenzari.
  5674 | D:6      | Reached skill level 9 in Spellcasting
  5674 | D:6      | Reached skill level 9 in Conjurations
  5674 | D:6      | Reached skill level 9 in Hexes
  5674 | D:6      | Reached skill level 9 in Summonings
  5674 | D:6      | Reached skill level 9 in Necromancy
  5674 | D:6      | Reached skill level 9 in Translocations
  5674 | D:6      | Reached skill level 9 in Fire Magic
  5674 | D:6      | Reached skill level 9 in Ice Magic
  5674 | D:6      | Reached skill level 9 in Air Magic
  5674 | D:6      | Reached skill level 9 in Earth Magic
  5674 | D:6      | Reached skill level 9 in Alchemy
  5979 | D:7      | Found an ornate altar of the Wu Jian Council.
  6533 | D:7      | Reached skill level 10 in Spellcasting
  6533 | D:7      | Reached skill level 10 in Conjurations
  6533 | D:7      | Reached skill level 10 in Hexes
  6533 | D:7      | Reached skill level 10 in Summonings
  6533 | D:7      | Reached skill level 10 in Necromancy
  6533 | D:7      | Reached skill level 10 in Translocations
  6533 | D:7      | Reached skill level 10 in Fire Magic
  6533 | D:7      | Reached skill level 10 in Ice Magic
  6533 | D:7      | Reached skill level 10 in Air Magic
  6533 | D:7      | Reached skill level 10 in Earth Magic
  6533 | D:7      | Reached skill level 10 in Alchemy
  6900 | D:8      | Reached XP level 10. HP: 47/62 MP: 0/0
  6988 | D:8      | Found Doppaunomu's Antique Weapon Shoppe.
  7154 | D:8      | HP: 27/62 [troll (6)]
  7417 | D:8      | Identified the +11 hand axe of Tijeunt {heavy, Str+3 Int-2
                  | Dex+3 Stlth+}
  7434 | D:8      | Reached * piety under Makhleb
  7439 | D:8      | Noticed a two-headed ogre
  7589 | D:9      | Reached skill level 11 in Spellcasting
  7589 | D:9      | Reached skill level 11 in Conjurations
  7589 | D:9      | Reached skill level 11 in Hexes
  7589 | D:9      | Reached skill level 11 in Summonings
  7589 | D:9      | Reached skill level 11 in Necromancy
  7589 | D:9      | Reached skill level 11 in Translocations
  7589 | D:9      | Reached skill level 11 in Fire Magic
  7589 | D:9      | Reached skill level 11 in Ice Magic
  7589 | D:9      | Reached skill level 11 in Air Magic
  7589 | D:9      | Reached skill level 11 in Earth Magic
  7589 | D:9      | Reached skill level 11 in Alchemy
  7669 | D:9      | HP: 26/62 [wyvern (17)]
  7894 | D:9      | Found a staircase to the Orcish Mines.
  7894 | D:9      | Found a snail-covered altar of Cheibriados.
  7895 | D:9      | Found a sparkling altar of Nemelex Xobeh.
  7912 | D:9      | Noticed Psyche
  7920 | D:9      | Killed Psyche
  8320 | D:9      | Found a blossoming altar of Fedhas.
  8369 | D:9      | Found an iron altar of Okawaru.
  8385 | D:9      | HP: 18/62 [orc priest/nerve-wracking pain (14)]
  8667 | D:9      | Noticed Erolcha
  8840 | D:10     | Entered Level 10 of the Dungeon
  8840 | D:10     | Noticed Lodul
  8846 | D:9      | Reached skill level 12 in Spellcasting
  8846 | D:9      | Reached skill level 12 in Conjurations
  8846 | D:9      | Reached skill level 12 in Hexes
  8846 | D:9      | Reached skill level 12 in Summonings
  8846 | D:9      | Reached skill level 12 in Necromancy
  8846 | D:9      | Reached skill level 12 in Translocations
  8846 | D:9      | Reached skill level 12 in Fire Magic
  8846 | D:9      | Reached skill level 12 in Ice Magic
  8846 | D:9      | Reached skill level 12 in Air Magic
  8846 | D:9      | Reached skill level 12 in Earth Magic
  8846 | D:9      | Reached skill level 12 in Alchemy
  9341 | D:8      | Reached XP level 11. HP: 44/67 MP: 0/0
  9341 | D:8      | Learned a level 5 spell: Iskenderun's Battlesphere
  9539 | D:8      | Noticed a manticore
  9553 | D:8      | Killed a manticore
  9687 | D:8      | Killed a two-headed ogre
  9879 | D:10     | Noticed Gastronok
  9880 | D:10     | Noticed a manticore
  9883 | D:9      | HP: 26/67 [Gastronok (28)]
 10195 | D:9      | Killed Gastronok
 10195 | D:9      | Reached ** piety under Makhleb
 10196 | D:9      | Reached skill level 13 in Spellcasting
 10196 | D:9      | Reached skill level 13 in Conjurations
 10196 | D:9      | Reached skill level 13 in Hexes
 10196 | D:9      | Reached skill level 13 in Summonings
 10196 | D:9      | Reached skill level 13 in Necromancy
 10196 | D:9      | Reached skill level 13 in Translocations
 10196 | D:9      | Reached skill level 13 in Fire Magic
 10196 | D:9      | Reached skill level 13 in Ice Magic
 10196 | D:9      | Reached skill level 13 in Air Magic
 10196 | D:9      | Reached skill level 13 in Earth Magic
 10196 | D:9      | Reached skill level 13 in Alchemy
 10406 | D:9      | Lodul changed into Lodul the naga
 10406 | D:9      | Noticed Lodul
 10414 | D:9      | Killed Lodul the naga
 10633 | D:10     | Found Juyd's Distillery.
 10634 | D:10     | Found a hazy altar of Hepliaklqana.
 10674 | D:10     | Noticed Fannar
 10704 | D:10     | HP: 16/67 [Fannar/+0 quarterstaff of freezing (51)]
 10964 | D:9      | HP: 31/67 [wight/+3 flail (9)]
 11165 | D:10     | Killed a manticore
 11724 | D:10     | HP: 33/67 [polar bear (12)]
 11949 | D:10     | Noticed a two-headed ogre
 11953 | D:10     | Reached skill level 14 in Spellcasting
 11953 | D:10     | Reached skill level 14 in Conjurations
 11953 | D:10     | Reached skill level 14 in Hexes
 11953 | D:10     | Reached skill level 14 in Summonings
 11953 | D:10     | Reached skill level 14 in Necromancy
 11953 | D:10     | Reached skill level 14 in Translocations
 11953 | D:10     | Reached skill level 14 in Fire Magic
 11953 | D:10     | Reached skill level 14 in Ice Magic
 11953 | D:10     | Reached skill level 14 in Air Magic
 11953 | D:10     | Reached skill level 14 in Earth Magic
 11953 | D:10     | Reached skill level 14 in Alchemy
 11955 | D:10     | Killed a two-headed ogre
 11956 | D:10     | Reached XP level 12. HP: 54/72 MP: 0/0
 12237 | D:11     | Reached *** piety under Makhleb
 12255 | D:11     | Noticed a two-headed ogre
 12261 | D:11     | Killed a two-headed ogre
 12438 | D:11     | Found a staircase to the Lair.
 12948 | D:12     | Noticed a two-headed ogre
 12953 | D:12     | Killed a two-headed ogre
 12954 | D:12     | Reached skill level 2 in Fighting
 12965 | D:12     | Identified the +0 chain mail of Rotation {Harm *Slow rElec
                  | rPois}
 13051 | D:12     | Reached skill level 3 in Fighting
 13103 | D:12     | Noticed a two-headed ogre
 13105 | D:12     | Noticed Frances
 13235 | D:12     | Found a runed translucent gate.
 13236 | D:12     | Found a runed translucent gate.
 13236 | D:12     | Found a runed translucent gate.
 13237 | D:12     | Found an opulent altar of Gozag.
 13237 | D:12     | Noticed a centaur warrior
 13237 | D:12     | Noticed a tengu reaver
 13237 | D:12     | Noticed runemasterragnar's ghost (journeyman CoHu)
 13239 | D:12     | Found Leroew's Assorted Antiques.
 13300 | D:12     | Killed a two-headed ogre
 13301 | D:12     | Reached skill level 15 in Spellcasting
 13301 | D:12     | Reached skill level 15 in Conjurations
 13301 | D:12     | Reached skill level 15 in Hexes
 13301 | D:12     | Reached skill level 15 in Summonings
 13301 | D:12     | Reached skill level 15 in Necromancy
 13301 | D:12     | Reached skill level 15 in Translocations
 13301 | D:12     | Reached skill level 15 in Fire Magic
 13301 | D:12     | Reached skill level 15 in Ice Magic
 13301 | D:12     | Reached skill level 15 in Air Magic
 13301 | D:12     | Reached skill level 15 in Earth Magic
 13301 | D:12     | Reached skill level 15 in Alchemy
 13389 | Lair:1   | Entered Level 1 of the Lair of Beasts
 13389 | Lair:1   | Noticed a five-headed hydra
 13391 | Lair:1   | Reached skill level 4 in Fighting
 13401 | Lair:1   | Killed a five-headed hydra
 13402 | Lair:1   | Reached skill level 5 in Fighting
 13474 | Lair:1   | Reached **** piety under Makhleb
 13549 | Lair:1   | Found a runed translucent gate.
 13549 | Lair:1   | Found a runed translucent gate.
 13549 | Lair:1   | Found a runed translucent gate.
 13555 | Lair:1   | Noticed smashvw's ghost (journeyman MiFi)
 13555 | Lair:1   | Noticed Nyexeo's ghost (journeyman VSEn)
 13555 | Lair:1   | Noticed Otedoll's ghost (journeyman DECj)
 13588 | Lair:1   | Reached skill level 6 in Fighting
 13708 | Lair:1   | Reached XP level 13. HP: 59/89 MP: 0/0
 13708 | Lair:1   | Learned a level 5 spell: Summon Mana Viper
 13711 | Lair:1   | Reached skill level 7 in Fighting
 14273 | Lair:1   | Reached skill level 8 in Fighting
 14473 | Lair:2   | Reached skill level 9 in Fighting
 14550 | Lair:2   | Reached skill level 10 in Fighting
 14746 | Lair:2   | Noticed Harold
 14755 | Lair:2   | HP: 45/97 [Harold/+0 glaive (7)]
 14759 | Lair:2   | HP: 20/97 [Harold/+0 glaive (11)]
 14761 | Lair:2   | Killed Harold
 15216 | Lair:2   | Identified a scroll of acquirement
 15259 | Lair:3   | Noticed a four-headed hydra
 15265 | Lair:3   | Killed a four-headed hydra
 15266 | Lair:3   | Reached skill level 11 in Fighting
 15272 | Lair:3   | Noticed an eleionoma
 15277 | Lair:3   | HP: 30/99 [eleionoma/spray of wooden splinters (30)]
 15280 | Lair:3   | Killed an eleionoma
 15311 | Lair:3   | Found a staircase to the Swamp.
 15367 | Lair:3   | Found a staircase to the Snake Pit.
 15503 | Lair:3   | Found a runed translucent door.
 15504 | Lair:3   | Found a shimmering altar of Xom.
 15504 | Lair:3   | Noticed Shen's ghost (journeyman TrFi)
 15599 | Lair:3   | Reached skill level 12 in Fighting
 15656 | Lair:3   | HP: 48/101 [skyshark (15)]
 15670 | Lair:3   | Reached XP level 14. HP: 66/108 MP: 0/0
 15799 | Lair:3   | HP: 48/108 [death yak (10)]
 15805 | Lair:3   | HP: 42/108 [bullfrog (3)]
 15812 | Lair:3   | Reached skill level 13 in Fighting
 15813 | Lair:3   | HP: 33/110 [water moccasin (1)]
 16071 | Lair:3   | Noticed Amaemon
 16084 | Lair:3   | Reached ***** piety under Makhleb
 16094 | Lair:3   | Killed Amaemon
 16140 | Lair:3   | HP: 49/110 [death yak (12)]
 16562 | Lair:3   | HP: 52/111 [eight-headed hydra (13)]
 16564 | Lair:3   | Reached skill level 14 in Fighting
 17059 | Lair:4   | Reached skill level 15 in Fighting
 17081 | Lair:4   | Found a viscous altar of Jiyva.
 17081 | Lair:4   | Found a staircase to the Slime Pits.
 17122 | Lair:4   | Found a gate leading to a gauntlet.
 17131 | Gauntlet | Entered a Gauntlet
 17131 | Gauntlet | Found a transporter.
 17143 | Gauntlet | Found a transporter.
 17146 | Gauntlet | Found a transporter.
 17147 | Gauntlet | Found a transporter.
 17158 | Gauntlet | Found a transporter.
 17158 | Gauntlet | Found a transporter.
 17159 | Gauntlet | Found a transporter.
 17167 | Gauntlet | Found a runed translucent door.
 17171 | Gauntlet | Found a transporter.
 17172 | Gauntlet | Found a transporter.
 17174 | Gauntlet | Noticed a quicksilver ooze
 17176 | Gauntlet | Found a runed translucent door.
 17179 | Gauntlet | Found a transporter.
 17180 | Gauntlet | Found a transporter.
 17182 | Gauntlet | Found a runed translucent door.
 17183 | Gauntlet | Found a transporter.
 17184 | Gauntlet | Found a transporter.
 17192 | Gauntlet | Found a transporter.
 17445 | Gauntlet | Reached skill level 2 in Armour
 17445 | Gauntlet | Reached skill level 3 in Dodging
 17574 | Gauntlet | Killed a quicksilver ooze
 17575 | Gauntlet | Reached skill level 3 in Armour
 17575 | Gauntlet | Reached skill level 4 in Dodging
 17599 | Gauntlet | Identified the +1 hat "Seghio" {rC+ rCorr}
 17627 | Gauntlet | Identified the staff of the Salmon {rPois Dex+3 Alchemy}
 17627 | Gauntlet | Identified the +9 plate armour "Oqa Let" {Fly Will- Str+4
                  | SInv}
 17627 | Gauntlet | Identified the ring of Fosach {rElec Will+ MP+9 Dex+2
                  | Stlth-}
 17627 | Gauntlet | Noticed a minotaur
 17641 | Gauntlet | Killed a minotaur
 17680 | Gauntlet | Identified the ring "Ruranas" {Wiz ^Drain rN+ Str+3 Stlth+}
 17769 | Lair:4   | Reached skill level 4 in Armour
 18067 | Lair:4   | Reached skill level 5 in Dodging
 18361 | Lair:5   | Entered Level 5 of the Lair of Beasts
 18408 | Lair:5   | Found a frozen archway.
 18419 | IceCv    | Entered an ice cave
 18505 | IceCv    | Identified the ring "Ufieff" {*Slow rF+ Str+3 Dex+3 SInv}
 18562 | IceCv    | Reached XP level 15. HP: 120/120 MP: 0/0
 18562 | IceCv    | Learned a level 6 spell: Summon Cactus Giant
 18569 | IceCv    | HP: 60/120 [ice beast[an ice statue] (6)]
 18768 | IceCv    | Reached skill level 5 in Armour
 18772 | IceCv    | Reached skill level 6 in Dodging
 19234 | Lair:5   | Reached skill level 6 in Armour
 19248 | Lair:5   | Reached skill level 7 in Dodging
 19255 | Lair:5   | HP: 59/120 [yak (8)]
 19269 | Lair:5   | HP: 57/120 [boulder beetle (9)]
 19279 | Lair:5   | HP: 19/120 [boulder beetle (49)]
 19294 | Lair:5   | HP: 44/120 [wolf (1)]
 19455 | Lair:5   | Reached skill level 7 in Armour
 19455 | Lair:5   | Reached skill level 8 in Dodging
 19475 | Lair:5   | Reached ****** piety under Makhleb
 19569 | Lair:5   | Reached skill level 8 in Armour
 19569 | Lair:5   | Reached skill level 9 in Dodging
 19621 | Lair:5   | Found a corrupted altar of Lugonu.
 19621 | Lair:5   | Found a one-way gate to the infinite horrors of the Abyss.
 19809 | Lair:5   | HP: 58/120 [death yak (11)]
 20275 | D:11     | Lhightning: doing geat
 20315 | D:10     | Killed Fannar
 20374 | Orc:1    | Entered Level 1 of the Orcish Mines
 20483 | Orc:2    | Entered Level 2 of the Orcish Mines
 20524 | Orc:2    | Found a staircase to the Elven Halls.
 20666 | Orc:2    | Reached skill level 9 in Armour
 20666 | Orc:2    | Reached skill level 10 in Dodging
 20728 | Orc:2    | HP: 55/120 [orc knight/bolt (9)]
 20730 | Orc:2    | Reached XP level 16. HP: 49/126 MP: 0/0
 21184 | Orc:1    | Found Xonin's Distillery.
 21704 | Orc:2    | Found Seon's Armour Shop.
 21704 | Orc:2    | Found Gustaablu's Weapon Emporium.
 21704 | Orc:2    | Found Cyqusan's Jewellery Shoppe.
 21707 | Orc:2    | Found Rotued's Jewellery Boutique.
 22046 | D:8      | Bought a smoking dagger for 224 gold pieces
 22046 | D:8      | Identified the +1 dagger "Omoliuwk" {flame, rPois rN+} (You
                  | bought it in a shop on level 8 of the Dungeon)
 22164 | Snake:1  | Entered Level 1 of the Snake Pit
 22252 | Snake:1  | HP: 63/126 [constriction (6)]
 22320 | Snake:1  | Reached skill level 11 in Dodging
 22322 | Snake:1  | Reached skill level 10 in Armour
 22501 | Snake:1  | HP: 51/126 [salamander/+0 glaive (9)]
 22877 | Snake:1  | Reached skill level 12 in Dodging
 22911 | Snake:1  | Identified the +5 ring mail of Impatience {MP-9 Str+4
                  | Dex+5}
 23235 | Snake:2  | Found Vukhlekit's Antique Armour Shoppe.
 23242 | Snake:2  | Found Qoskaeg's Armour Emporium.
 23426 | Snake:2  | Reached skill level 13 in Dodging
 23855 | Snake:2  | Reached skill level 14 in Dodging
 24374 | Snake:3  | Noticed a nagaraja
 24440 | Snake:3  | Noticed a nagaraja
 24454 | Snake:3  | Killed a nagaraja
 24455 | Snake:3  | Reached XP level 17. HP: 130/131 MP: 0/0
 24455 | Snake:3  | Learned a level 7 spell: Orb of Destruction
 24492 | Snake:3  | Identified the +1 morningstar of Discomfort {drain, rF+
                  | Str-5 Int+2 Stlth+}
 24578 | Snake:3  | Found a bloodstained altar of Trog.
 24601 | Snake:3  | Reached skill level 15 in Dodging
 25027 | Snake:3  | HP: 43/131 [naga/+0 glaive (23)]
 25487 | Snake:4  | Entered Level 4 of the Snake Pit
 25512 | Snake:4  | Found Mefrosoi's Magic Scroll Shop.
 25525 | Snake:4  | Reached skill level 16 in Spellcasting
 25525 | Snake:4  | Reached skill level 16 in Conjurations
 25525 | Snake:4  | Reached skill level 16 in Hexes
 25525 | Snake:4  | Reached skill level 16 in Summonings
 25525 | Snake:4  | Reached skill level 16 in Necromancy
 25525 | Snake:4  | Reached skill level 16 in Translocations
 25525 | Snake:4  | Reached skill level 16 in Fire Magic
 25525 | Snake:4  | Reached skill level 16 in Ice Magic
 25525 | Snake:4  | Reached skill level 16 in Air Magic
 25525 | Snake:4  | Reached skill level 16 in Earth Magic
 25525 | Snake:4  | Reached skill level 16 in Alchemy
 25549 | Snake:4  | Bought a scroll of teleportation for 54 gold pieces
 25549 | Snake:4  | Bought a scroll of teleportation for 54 gold pieces
 25549 | Snake:4  | Bought a scroll of revelation for 135 gold pieces
 25549 | Snake:4  | Bought a scroll of fog for 72 gold pieces
 25549 | Snake:4  | Bought a scroll of enchant weapon for 135 gold pieces
 25738 | Snake:4  | Reached skill level 1 in Shields
 25806 | Snake:4  | Reached skill level 2 in Shields
 25867 | Snake:4  | Reached skill level 3 in Shields
 25899 | Snake:4  | HP: 64/131 [something (12)]
 26005 | Snake:4  | Reached skill level 4 in Shields
 26195 | Snake:4  | Reached skill level 5 in Shields
 26266 | Snake:4  | Found a white marble altar of Elyvilon.
 26290 | Snake:4  | Reached XP level 18. HP: 135/138 MP: 0/0
 26456 | Snake:4  | Got a serpentine rune of Zot
 26477 | Snake:4  | Reached skill level 6 in Shields
 26730 | Swamp:1  | Entered Level 1 of the Swamp
 27205 | Swamp:1  | Reached skill level 7 in Shields
 27428 | Swamp:2  | Reached skill level 17 in Spellcasting
 27428 | Swamp:2  | Reached skill level 17 in Conjurations
 27428 | Swamp:2  | Reached skill level 17 in Hexes
 27428 | Swamp:2  | Reached skill level 17 in Summonings
 27428 | Swamp:2  | Reached skill level 17 in Necromancy
 27428 | Swamp:2  | Reached skill level 17 in Translocations
 27428 | Swamp:2  | Reached skill level 17 in Fire Magic
 27428 | Swamp:2  | Reached skill level 17 in Ice Magic
 27428 | Swamp:2  | Reached skill level 17 in Air Magic
 27428 | Swamp:2  | Reached skill level 17 in Earth Magic
 27428 | Swamp:2  | Reached skill level 17 in Alchemy
 27475 | Swamp:2  | Noticed Mlioglotl
 27479 | Swamp:2  | Noticed an Executioner
 27494 | Swamp:2  | HP: 65/138 [swamp worm (2)]
 27588 | Swamp:2  | Noticed a profane servitor
 27591 | Swamp:2  | Killed Mlioglotl
 27592 | Swamp:2  | Reached skill level 8 in Shields
 27864 | Swamp:3  | HP: 49/138 [tyrant leech (23)]
 27980 | Swamp:3  | HP: 66/138 [bunyip (37)]
 28234 | Swamp:3  | Noticed a tentacled monstrosity
 28242 | Swamp:3  | Killed a tentacled monstrosity
 28491 | Swamp:4  | Entered Level 4 of the Swamp
 28521 | Swamp:3  | HP: 64/138 [swamp dragon (7)]
 28525 | Swamp:3  | Reached skill level 9 in Shields
 29066 | Swamp:4  | Reached XP level 19. HP: 143/143 MP: 0/0
 29066 | Swamp:4  | Learned a level 6 spell: Bombard
 29070 | Swamp:4  | Reached skill level 10 in Shields
 29215 | Swamp:4  | Noticed the 27-headed Lernaean hydra
 29229 | Swamp:4  | Killed the 27-headed Lernaean hydra
 29582 | Swamp:4  | Got a decaying rune of Zot
 29660 | Swamp:4  | Acquired 858 gold pieces
 29662 | Swamp:4  | Acquired a manual of Evocations
 29970 | Elf:1    | Entered Level 1 of the Elven Halls
 30046 | Elf:1    | Reached skill level 11 in Shields
 30088 | Elf:1    | Reached skill level 4 in Evocations
 30282 | Elf:1    | Reached skill level 5 in Evocations
 30368 | Elf:1    | Reached skill level 18 in Spellcasting
 30368 | Elf:1    | Reached skill level 18 in Conjurations
 30368 | Elf:1    | Reached skill level 18 in Hexes
 30368 | Elf:1    | Reached skill level 18 in Summonings
 30368 | Elf:1    | Reached skill level 18 in Necromancy
 30368 | Elf:1    | Reached skill level 18 in Translocations
 30368 | Elf:1    | Reached skill level 18 in Fire Magic
 30368 | Elf:1    | Reached skill level 18 in Ice Magic
 30368 | Elf:1    | Reached skill level 18 in Air Magic
 30368 | Elf:1    | Reached skill level 18 in Earth Magic
 30368 | Elf:1    | Reached skill level 18 in Alchemy
 30388 | Elf:1    | Reached skill level 6 in Evocations
 30471 | Elf:1    | Paralysed by an air elemental for 1 turns
 30745 | Elf:1    | Reached skill level 7 in Evocations
 31160 | Elf:2    | Found Xituz's Antique Weapon Shop.
 31167 | Elf:2    | Bought an encrusted short sword for 200 gold pieces
 31167 | Elf:2    | Identified the +9 short sword "Raciago" {flame, rElec
                  | Str+4} (You bought it in a shop on level 2 of the Elven
                  | Halls)
 31167 | Elf:2    | Bought a translucent rapier for 225 gold pieces
 31167 | Elf:2    | Identified the +3 rapier of the Equinox {protect, rElec
                  | rCorr Str+4 Dex+2} (You bought it in a shop on level 2 of
                  | the Elven Halls)
 31244 | Elf:2    | Reached skill level 12 in Shields
 31244 | Elf:2    | Reached skill level 8 in Evocations
 31277 | Elf:2    | Found a runed translucent gate.
 31277 | Elf:2    | Found a runed translucent gate.
 31281 | Elf:2    | Found a runed translucent gate.
 31381 | Elf:2    | Reached XP level 20. HP: 127/149 MP: 0/0
 31564 | Elf:2    | HP: 68/149 [something/shard of ice (28)]
 31673 | Elf:2    | Reached skill level 9 in Evocations
 32160 | Elf:2    | HP: 71/149 [deep elf pyromancer/bolt of fire (1)]
 32228 | Elf:2    | Reached skill level 10 in Evocations
 32645 | Elf:3    | Entered Level 3 of the Elven Halls
 32689 | Elf:3    | Identified the +3 trident of Paarosua {flame, Will+ Dex+6}
 32761 | Elf:3    | Found the +7 great mace "Undeadhunter" {deathbane, rN+}
 32773 | Elf:3    | Found a magical portal.
 32797 | WizLab   | Entered Yara's Duelist Academy
 32862 | WizLab   | Reached skill level 13 in Shields
 32867 | WizLab   | Reached skill level 11 in Evocations
 32935 | WizLab   | HP: 54/149 [black draconian knight/bolt of lightning (40)]
 32943 | WizLab   | HP: 59/149 [hell knight/bolt of fire (10)]
 33068 | WizLab   | Noticed Dail
 33079 | WizLab   | Killed Dail the Head Instructor
 33610 | Elf:3    | Paralysed by an air elemental for 1 turns
 33908 | Elf:3    | Reached skill level 12 in Evocations
 34228 | Elf:3    | Reached XP level 21. HP: 84/155 MP: 0/0
 34228 | Elf:3    | Learned a level 7 spell: Malign Gateway
 34272 | Elf:3    | HP: 77/155 [deep elf elementalist/fireball (10)]
 34293 | Elf:3    | HP: 76/155 [deep elf elementalist/blast of rock fragments
                  | (9)]
 34491 | Elf:3    | Reached skill level 14 in Shields
 34541 | Elf:3    | Reached skill level 19 in Spellcasting
 34541 | Elf:3    | Reached skill level 19 in Conjurations
 34541 | Elf:3    | Reached skill level 19 in Hexes
 34541 | Elf:3    | Reached skill level 19 in Summonings
 34541 | Elf:3    | Reached skill level 19 in Necromancy
 34541 | Elf:3    | Reached skill level 19 in Translocations
 34541 | Elf:3    | Reached skill level 19 in Fire Magic
 34541 | Elf:3    | Reached skill level 19 in Ice Magic
 34541 | Elf:3    | Reached skill level 19 in Air Magic
 34541 | Elf:3    | Reached skill level 19 in Earth Magic
 34541 | Elf:3    | Reached skill level 19 in Alchemy
 34688 | Elf:3    | Identified the ring of Maobo {rPois rF++ Will+}
 34738 | Elf:3    | Reached skill level 1 in Stealth
 34786 | Elf:3    | Identified the +8 mace "Ifyv" {heavy, Will+}
 34798 | Elf:3    | Reached skill level 13 in Evocations
 34802 | Elf:3    | Identified the ring "Ruxzi" {*Corrode rC+ Int+3 Dex+5}
 34859 | Elf:3    | Found the +27 heavy crossbow "Sniper" {heavy, Acc+∞ SInv}
 34977 | Elf:3    | Paralysed by an air elemental for 1 turns
 35311 | D:9      | Killed Erolcha
 35312 | D:9      | Reached skill level 2 in Stealth
 35689 | D:12     | Killed Frances
 35816 | D:12     | Killed runemasterragnar's ghost
 35883 | D:12     | Bought a potion of curing for 72 gold pieces
 35883 | D:12     | Bought a potion of heal wounds for 120 gold pieces
 35883 | D:12     | Bought a scroll of fear for 96 gold pieces
 35883 | D:12     | Bought a sapphire potion for 21 gold pieces
 35928 | D:13     | Reached skill level 3 in Stealth
 36128 | D:13     | Reached skill level 4 in Stealth
 36160 | D:13     | Noticed Snorg
 36166 | D:13     | Killed Snorg
 36276 | D:13     | Noticed Nessos
 36284 | D:13     | Killed Nessos
 36296 | D:13     | Noticed Kirke
 36310 | D:13     | Killed Kirke
 36496 | D:13     | Found a white marble altar of Elyvilon.
 36573 | D:13     | Reached skill level 5 in Stealth
 36812 | D:13     | Found a bloodstained altar of Trog.
 36934 | D:14     | Found a gate to the Vaults.
 37197 | D:14     | Reached skill level 6 in Stealth
 37295 | D:14     | Found a white marble altar of Elyvilon.
 37689 | D:15     | Entered Level 15 of the Dungeon
 37995 | D:15     | Reached skill level 7 in Stealth
 37995 | D:15     | Reached skill level 15 in Shields
 37997 | D:15     | Noticed Josephine
 38004 | D:15     | Killed Josephine
 38468 | D:15     | Found a staircase to the Depths.
 38483 | D:15     | Reached skill level 8 in Stealth
 38692 | Vaults:1 | Entered Level 1 of the Vaults
 38719 | Vaults:1 | Reached XP level 22. HP: 161/161 MP: 0/0
 39403 | Vaults:1 | Reached skill level 9 in Stealth
 39582 | Vaults:1 | Reached skill level 10 in Stealth
 39707 | Vaults:1 | HP: 72/161 [yaktaur captain/bolt (27)]
 40090 | Vaults:2 | Found a staircase to the Crypt.
 40119 | Vaults:2 | Reached skill level 11 in Stealth
 40137 | Vaults:2 | HP: 71/161 [ironbound frostheart/creeping frost (30)]
 40143 | Vaults:2 | HP: 67/161 [ironbound frostheart/creeping frost (7)]
 40343 | Vaults:2 | Reached skill level 20 in Spellcasting
 40343 | Vaults:2 | Reached skill level 20 in Conjurations
 40343 | Vaults:2 | Reached skill level 20 in Hexes
 40343 | Vaults:2 | Reached skill level 20 in Summonings
 40343 | Vaults:2 | Reached skill level 20 in Necromancy
 40343 | Vaults:2 | Reached skill level 20 in Translocations
 40343 | Vaults:2 | Reached skill level 20 in Fire Magic
 40343 | Vaults:2 | Reached skill level 20 in Ice Magic
 40343 | Vaults:2 | Reached skill level 20 in Air Magic
 40343 | Vaults:2 | Reached skill level 20 in Earth Magic
 40343 | Vaults:2 | Reached skill level 20 in Alchemy
 40414 | Vaults:2 | HP: 54/161 [ironbound frostheart/creeping frost[a vault
                  | warden] (35)]
 40428 | Vaults:2 | HP: 48/161 [lindwurm/blast of flame (5)]
 40543 | Vaults:2 | Reached skill level 12 in Stealth
 40842 | Vaults:2 | Identified the ring "Metibbyck" {Wiz rElec Will- Dex+6}
 40888 | Vaults:2 | Identified the +6 arbalest "Tesaung" {heavy, Str+2}
 41033 | Vaults:2 | Reached skill level 13 in Stealth
 41917 | Vaults:3 | Reached XP level 23. HP: 162/166 MP: 0/0
 41917 | Vaults:3 | Learned a level 8 spell: Borgnjor's Revivification
 42235 | Vaults:3 | Reached skill level 14 in Stealth
 42335 | Vaults:3 | Acquired 1014 gold pieces
 42795 | Vaults:3 | HP: 63/166 [ironbound frostheart/creeping frost[a vault
                  | warden] (13)]
 42796 | Vaults:3 | HP: 23/166 [ironbound frostheart/creeping frost[a vault
                  | warden] (35)]
 43233 | Vaults:3 | Found Suicink's Armour Shop.
 43829 | Vaults:4 | Found Ilub's General Store.
 44231 | Vaults:4 | Identified the +0 robe of the Solstice {SInv}
 44311 | Vaults:4 | Reached skill level 15 in Stealth
 44543 | Vaults:4 | Reached skill level 21 in Spellcasting
 44543 | Vaults:4 | Reached skill level 21 in Conjurations
 44543 | Vaults:4 | Reached skill level 21 in Hexes
 44543 | Vaults:4 | Reached skill level 21 in Summonings
 44543 | Vaults:4 | Reached skill level 21 in Necromancy
 44543 | Vaults:4 | Reached skill level 21 in Translocations
 44543 | Vaults:4 | Reached skill level 21 in Fire Magic
 44543 | Vaults:4 | Reached skill level 21 in Ice Magic
 44543 | Vaults:4 | Reached skill level 21 in Air Magic
 44543 | Vaults:4 | Reached skill level 21 in Earth Magic
 44543 | Vaults:4 | Reached skill level 21 in Alchemy
 44799 | Vaults:4 | HP: 63/166 [ironbound thunderhulk/bolt of lightning (16)]
 45421 | Depths:1 | Entered Level 1 of the Depths
 45556 | Depths:1 | Reached XP level 24. HP: 143/173 MP: 0/0
 45836 | Depths:1 | Found a one-way gateway to a ziggurat.
 45948 | Depths:1 | Found a gateway to Hell.
 46036 | Depths:1 | Found a stormy altar of Qazlal.
 46388 | Depths:2 | Identified the +3 robe of Idost {rF- rN+++ Dex-2 Archmagi}
 46388 | Depths:2 | Noticed Boris
 46392 | Depths:2 | Killed Boris
 46399 | Depths:2 | Reached skill level 22 in Spellcasting
 46399 | Depths:2 | Reached skill level 22 in Conjurations
 46399 | Depths:2 | Reached skill level 22 in Hexes
 46399 | Depths:2 | Reached skill level 22 in Summonings
 46399 | Depths:2 | Reached skill level 22 in Necromancy
 46399 | Depths:2 | Reached skill level 22 in Translocations
 46399 | Depths:2 | Reached skill level 22 in Fire Magic
 46399 | Depths:2 | Reached skill level 22 in Ice Magic
 46399 | Depths:2 | Reached skill level 22 in Air Magic
 46399 | Depths:2 | Reached skill level 22 in Earth Magic
 46399 | Depths:2 | Reached skill level 22 in Alchemy
 46476 | Depths:2 | HP: 85/173 [spriggan defender/+3 flail of protection (13)]
 46488 | Depths:2 | HP: 85/173 [spark wasp (4)]
 46617 | Depths:2 | Noticed Mara
 46637 | Depths:2 | Noticed sleeves's illusion
 46639 | Depths:2 | Killed Mara
 46812 | Depths:2 | Found a one-way gate leading to the halls of Pandemonium.
 46854 | Depths:2 | HP: 83/173 [frost giant/bolt of cold (20)]
 46978 | Depths:2 | Noticed a juggernaut
 46984 | Depths:2 | Killed a juggernaut
 46994 | Depths:2 | Noticed an ancient lich
 47004 | Depths:2 | Killed an ancient lich
 47095 | Depths:2 | Identified the staff of Eternal Vigilance {Str+2 Earth}
 47355 | Depths:2 | Reached skill level 23 in Spellcasting
 47355 | Depths:2 | Reached skill level 23 in Conjurations
 47355 | Depths:2 | Reached skill level 23 in Hexes
 47355 | Depths:2 | Reached skill level 23 in Summonings
 47355 | Depths:2 | Reached skill level 23 in Necromancy
 47355 | Depths:2 | Reached skill level 23 in Translocations
 47355 | Depths:2 | Reached skill level 23 in Fire Magic
 47355 | Depths:2 | Reached skill level 23 in Ice Magic
 47355 | Depths:2 | Reached skill level 23 in Air Magic
 47355 | Depths:2 | Reached skill level 23 in Earth Magic
 47355 | Depths:2 | Reached skill level 23 in Alchemy
 47480 | Depths:2 | Reached XP level 25. HP: 174/178 MP: 0/0
 47480 | Depths:2 | Learned a level 8 spell: Summon Horrible Things
 47525 | Depths:2 | Identified the +3 buckler of Hubris {rF++}
 47856 | Depths:3 | Reached skill level 1 in Polearms
 47865 | Depths:3 | HP: 88/178 [ettin/+0 dire flail (22)]
 47882 | Depths:3 | Reached skill level 2 in Polearms
 48168 | Depths:3 | Reached skill level 3 in Polearms
 48243 | Depths:3 | Found Buahymaa's General Store.
 48269 | Depths:3 | Bought a potion of curing for 51 gold pieces
 48269 | Depths:3 | Bought a scroll of blinking for 127 gold pieces
 48269 | Depths:3 | Bought a wand of quicksilver (6) for 428 gold pieces
 48269 | Depths:3 | Bought a wand of quicksilver (1) for 71 gold pieces
 48269 | Depths:3 | Bought a wand of digging (7) for 499 gold pieces
 48517 | Depths:3 | Found a runed door.
 48645 | Depths:3 | Reached skill level 4 in Polearms
 48797 | Depths:3 | Identified the +4 demon blade of Tender Mercy {heavy, rCorr
                  | Str+3 Dex+3 Stlth-}
 49060 | Depths:3 | Noticed an ancient lich
 49067 | Depths:3 | Killed an ancient lich
 49086 | Depths:3 | Identified the +3 great mace of Derio {drain, rF- Will+
                  | Str+4}
 49091 | Depths:3 | Identified the ring of the Townfolk {rPois rF+ Str+2}
 49096 | Depths:3 | Reached skill level 5 in Polearms
 49120 | Depths:3 | Identified the +1 hat of Decaying Fun {rElec rN+ Int-3}
 49308 | Depths:4 | Entered Level 4 of the Depths
 49539 | Depths:4 | Found a gate to the Realm of Zot.
 49574 | Depths:4 | Noticed a caustic shrike
 49577 | Depths:4 | Noticed a caustic shrike
 49577 | Depths:4 | Noticed a caustic shrike
 49578 | Depths:4 | Noticed a caustic shrike
 49578 | Depths:4 | Noticed a caustic shrike
 49583 | Depths:4 | Killed a caustic shrike
 49584 | Depths:4 | Reached skill level 6 in Polearms
 49585 | Depths:4 | Killed a caustic shrike
 49591 | Depths:4 | Killed a caustic shrike
 49596 | Depths:4 | Killed a caustic shrike
 49599 | Depths:4 | Killed a caustic shrike
 49723 | Depths:4 | Found a portal to a secret trove of treasure.
 49806 | Depths:4 | Found an opulent altar of Gozag.
 49929 | Depths:4 | Identified the +0 robe "Jafewiod" {Str+4 Slay-5}
 50081 | Depths:4 | HP: 56/178 [frost giant/bolt of cold (47)]
 50611 | Depths:4 | Acquired 292 gold pieces
 50837 | Crypt:1  | Entered Level 1 of the Crypt
 51011 | Crypt:1  | Reached skill level 7 in Polearms
 51039 | Crypt:1  | Reached XP level 26. HP: 161/173 MP: 0/0
 51058 | Crypt:1  | Reached skill level 24 in Spellcasting
 51058 | Crypt:1  | Reached skill level 24 in Conjurations
 51058 | Crypt:1  | Reached skill level 24 in Hexes
 51058 | Crypt:1  | Reached skill level 24 in Summonings
 51058 | Crypt:1  | Reached skill level 24 in Necromancy
 51058 | Crypt:1  | Reached skill level 24 in Translocations
 51058 | Crypt:1  | Reached skill level 24 in Fire Magic
 51058 | Crypt:1  | Reached skill level 24 in Ice Magic
 51058 | Crypt:1  | Reached skill level 24 in Air Magic
 51058 | Crypt:1  | Reached skill level 24 in Earth Magic
 51058 | Crypt:1  | Reached skill level 24 in Alchemy
 51186 | Crypt:1  | You are sucked into a shaft and drop 1 floor!
 51245 | Crypt:2  | HP: 51/160 [??? (39)]
 51246 | Crypt:2  | HP: 12/160 [ancient champion/iron shot (40)]
 51828 | Crypt:1  | Reached skill level 8 in Polearms
 52058 | Crypt:1  | HP: 84/169 [something (25)]
 52060 | Crypt:1  | HP: 40/169 [something (28)]
 52113 | Crypt:1  | HP: 59/170 [eleionoma skeleton (5)]
 52470 | Crypt:2  | Noticed Vv
 52489 | Crypt:2  | HP: 72/176 [Vv/creeping frost (62)]
 52489 | Crypt:2  | Killed Vv
 52981 | Crypt:2  | Reached skill level 9 in Polearms
 53088 | Crypt:2  | HP: 58/184 [??? (44)]
 53096 | Crypt:2  | HP: 31/184 [??? (22)]
 53584 | Crypt:1  | Found a basalt altar of Yredelemnul.
 53606 | Crypt:3  | Entered Level 3 of the Crypt
 53623 | Crypt:3  | HP: 91/183 [storm dragon zombie[a necromancer] (1)]
 53824 | Crypt:3  | HP: 89/184 [something (4)]
 53960 | Crypt:2  | HP: 86/184 [ancient champion/iron shot (40)]
 54166 | Crypt:3  | Reached skill level 10 in Polearms
 54588 | Crypt:3  | Found a staircase to the Tomb.
 54808 | Crypt:3  | HP: 79/184 [torment (62)]
 55074 | Crypt:3  | Reached XP level 27. HP: 173/188 MP: 0/0
 55074 | Crypt:3  | Learned a level 9 spell: Death's Door
 55126 | Crypt:3  | Noticed an ancient lich
 55126 | Crypt:3  | Noticed a dread lich
 55171 | Crypt:3  | Noticed a dread lich
 55238 | Crypt:3  | HP: 60/189 [???[a dread lich] (47)]
 55342 | Crypt:3  | Killed a dread lich
 55386 | Crypt:3  | HP: 85/190 [???[a dread lich] (66)]
 55473 | Crypt:3  | Killed a dread lich
 55477 | Crypt:3  | Killed an ancient lich
 55507 | Crypt:3  | Identified the +0 leather armour "Zibruiv" {Harm rN++
                  | Stlth-}
 55511 | Crypt:3  | Identified the staff "Qoduhuam" {rC+ Dex+2 Ice Alchemy}
 55769 | Depths:1 | Voluntarily entered the Abyss.
 55779 | Abyss:1  | Found a corrupted altar of Lugonu.
 56037 | Abyss:2  | HP: 85/190 [tentacled starspawn (23)]
 56056 | Abyss:3  | Found a corrupted altar of Lugonu.
 56097 | Abyss:3  | Reached skill level 11 in Polearms
 56098 | Abyss:3  | Reached skill level 25 in Spellcasting
 56098 | Abyss:3  | Reached skill level 25 in Conjurations
 56098 | Abyss:3  | Reached skill level 25 in Hexes
 56098 | Abyss:3  | Reached skill level 25 in Summonings
 56098 | Abyss:3  | Reached skill level 25 in Necromancy
 56098 | Abyss:3  | Reached skill level 25 in Translocations
 56098 | Abyss:3  | Reached skill level 25 in Fire Magic
 56098 | Abyss:3  | Reached skill level 25 in Ice Magic
 56098 | Abyss:3  | Reached skill level 25 in Air Magic
 56098 | Abyss:3  | Reached skill level 25 in Earth Magic
 56098 | Abyss:3  | Reached skill level 25 in Alchemy
 56129 | Abyss:4  | Found a corrupted altar of Lugonu.
 56188 | Abyss:4  | HP: 92/190 [tentacled starspawn (15)]
 56195 | Abyss:4  | HP: 95/190 [starcursed mass/accursed screaming (6)]
 56216 | Abyss:4  | HP: 95/190 [smoke demon/divine providence (13)]
 56390 | Abyss:4  | HP: 95/190 [smoke demon/divine providence (9)]
 56401 | Abyss:4  | HP: 89/190 [starcursed mass/accursed screaming (11)]
 56406 | Abyss:4  | HP: 82/190 [starcursed mass/accursed screaming (6)]
 56485 | Abyss:4  | Reached skill level 12 in Polearms
 56524 | Depths:1 | Escaped the Abyss
 56586 | Depths:1 | Voluntarily entered the Abyss.
 56707 | Abyss:4  | Found a corrupted altar of Lugonu.
 56742 | Abyss:4  | Gained mutation: You are weak. (Str -2) [a cacodemon]
 56842 | Abyss:5  | HP: 88/190 [lurking horror (70)]
 56852 | Abyss:5  | HP: 86/190 [shot self (14)]
 56860 | Abyss:5  | Reached skill level 13 in Polearms
 56870 | Abyss:5  | HP: 95/190 [starcursed mass/accursed screaming (6)]
 56912 | Abyss:5  | Got an abyssal rune of Zot
 56962 | Abyss:5  | HP: 95/190 [sixfirhy (3)]
 56967 | Abyss:5  | HP: 88/190 [burnt (2)]
 56972 | Abyss:5  | HP: 72/190 [burnt (3)]
 56984 | Abyss:5  | HP: 78/190 [wretched star/lance of force (9)]
 56994 | Abyss:5  | HP: 81/190 [starcursed mass/accursed screaming (5)]
 57004 | Depths:1 | Escaped the Abyss
 57134 | Zot:1    | Entered Level 1 of the Realm of Zot
 57199 | Zot:1    | Acquired the amulet "Qonud" {Acrobat rElec Dex+4}
 57202 | Zot:1    | Acquired a manual of Armour
 57959 | Zot:1    | Reached skill level 11 in Armour
 58079 | Zot:1    | HP: 72/179 [frost giant/bolt of cold (42)]
 58090 | Zot:1    | HP: 38/179 [frost giant/bolt of cold (35)]
 58099 | Zot:1    | Reached skill level 14 in Polearms
 58113 | Zot:1    | Reached skill level 12 in Armour
 58517 | Zot:2    | You are sucked into a shaft and drop 2 floors!
 58534 | Zot:4    | HP: 89/181 [black draconian knight/bolt of lightning[a
                  | black draconian knight] (11)]
 58544 | Zot:3    | HP: 87/181 [electric golem/bolt of lightning (10)]
 58550 | Zot:3    | HP: 58/181 [quicksilver dragon/bolt of dispelling energy
                  | (11)]
 58563 | Zot:3    | Reached skill level 16 in Fighting
 58574 | Zot:3    | Reached skill level 13 in Armour
 58909 | Zot:3    | HP: 72/182 [white draconian stormcaller/blast of cold (50)]
 58916 | Zot:3    | HP: 51/182 [purple draconian shifter/bolt of dispelling
                  | energy[a white draconian stormcaller] (10)]
 58929 | Zot:3    | HP: 47/182 [black draconian/bolt of lightning[a white
                  | draconian stormcaller] (12)]
 58934 | Zot:3    | HP: 64/182 [white draconian stormcaller/divine providence[a
                  | white draconian stormcaller] (13)]
 58940 | Zot:3    | HP: 18/182 [white draconian stormcaller[a white draconian
                  | stormcaller] (46)]
 58950 | Zot:3    | HP: 21/183 [white draconian stormcaller/divine providence[a
                  | white draconian stormcaller] (12)]
 59161 | Zot:2    | Identified the +6 flail of Painted Forgiveness {spect, rF+
                  | rCorr Int-2}
 59187 | Zot:2    | Noticed Grunn
 59230 | Zot:2    | Found an opulent altar of Gozag.
 59238 | Zot:2    | Reached skill level 14 in Armour
 59330 | Zot:2    | Found an opulent altar of Gozag.
 59344 | Zot:2    | Found an opulent altar of Gozag.
 59591 | Zot:2    | HP: 50/184 [black draconian knight/+1 battleaxe of
                  | electrocution[a green draconian monk] (22)]
 60017 | Zot:2    | Found Tuecops's CLEARANCE SALE!.
 60300 | Zot:3    | HP: 91/184 [yellow draconian annihilator/bolt of
                  | lightning[a black draconian knight] (11)]
 60300 | Zot:3    | HP: 43/184 [black draconian knight/bolt of lightning (7)]
 60301 | Zot:3    | Reached skill level 15 in Armour
 60305 | Zot:3    | HP: 67/184 [purple draconian/bolt of dispelling energy (6)]
 60306 | Zot:3    | HP: 20/184 [black draconian knight/bolt of cold (48)]
 60464 | Zot:3    | HP: 74/184 [something/bolt of cold (73)]
 60609 | Zot:3    | Noticed a Killer Klown
 60620 | Zot:2    | HP: 78/184 [golden dragon/bolt of cold (20)]
 60740 | Zot:3    | Killed a Killer Klown
 60741 | Zot:3    | Reached skill level 17 in Fighting
 60921 | Zot:3    | HP: 87/184 [purple draconian/bolt of dispelling energy[a
                  | black draconian knight] (25)]
 60927 | Zot:3    | HP: 44/184 [purple draconian/bolt of dispelling energy[a
                  | black draconian knight] (18)]
 61046 | Zot:3    | Identified the +0 ring mail of the Monkey's Uncle {Str+4}
 61058 | Zot:3    | Identified the +4 scale mail of Broken Taboos {Rampage
                  | rElec}
 61296 | Zot:3    | HP: 92/184 [??? (73)]
 61585 | Zot:4    | Reached skill level 16 in Armour
 61763 | Zot:4    | HP: 92/185 [white draconian stormcaller/divine providence[a
                  | white draconian stormcaller] (15)]
 61975 | Zot:4    | Noticed an orb of fire
 61975 | Zot:4    | Noticed an orb of fire
 62144 | Zot:5    | Entered Level 5 of the Realm of Zot
 62340 | Zot:5    | Reached skill level 14 in Evocations
 62647 | Zot:5    | Noticed an ancient lich
 62652 | Zot:5    | Killed an ancient lich
 62674 | Zot:5    | Noticed a Killer Klown
 62679 | Zot:5    | Noticed an orb of fire
 62686 | Zot:5    | HP: 82/187 [orb of fire/bolt of fire (15)]
 62687 | Zot:5    | Killed an orb of fire
 62688 | Zot:5    | Reached skill level 17 in Armour
 62691 | Zot:5    | Noticed a Killer Klown
 62692 | Zot:5    | HP: 93/187 [Killer Klown/klown pie (15)]
 62694 | Zot:5    | Killed a Killer Klown
 62698 | Zot:5    | Noticed a Killer Klown
 62700 | Zot:5    | HP: 73/187 [Killer Klown/klown pie (7)]
 62701 | Zot:5    | Killed a Killer Klown
 62702 | Zot:5    | Reached skill level 18 in Fighting
 62715 | Zot:5    | Noticed a Killer Klown
 62715 | Zot:5    | Noticed a Killer Klown
 62718 | Zot:5    | Noticed an ancient lich
 62721 | Zot:5    | HP: 81/187 [Killer Klown/klown pie (34)]
 62826 | Zot:5    | Killed a Killer Klown
 62863 | Zot:5    | Killed an ancient lich
 62923 | Zot:5    | Killed a Killer Klown
 63082 | Zot:5    | Reached skill level 15 in Evocations
 63094 | Zot:5    | Noticed an orb of fire
 63103 | Zot:5    | Noticed a dread lich
 63114 | Zot:5    | Killed a dread lich
 63117 | Zot:5    | Killed an orb of fire
 63222 | Zot:5    | Killed a Killer Klown
 63462 | Zot:5    | Got the Orb of Zot
 63891 | D:14     | Noticed Miehaohe the pandemonium lord
 63952 | D:12     | Noticed Zyerchyke the pandemonium lord
 64211 | D:1      | Reached skill level 18 in Armour
 64233 | D:$      | Escaped with the Orb!

Illustrated notes

Levels and vault maps discovered:
D:1:      scummos_arrival_forest, layout_rooms
D:2:      layout_rooms
D:3:      layout_basic, serial_shops, nicolae_shop_hallway_stairs, uniq_sigmund
D:4:      layout_cave_pods, minmay_crystal_room
D:5:      layout_rooms
D:6:      layout_rooms, cheibrodos_ashenzari_chains,
          minmay_temple_entry_large_hall, serial_shops, nicolae_shop_peninsula,
          minmay_increasing_density, uniq_edmund
D:7:      layout_rooms, lemuel_doored_altar, kennysheep_nondescript,
          lemuel_flame_loot_1
D:8:      minmay_the_grid_octo_triangle [minmay_the_grid_octo_fan_narrow,
          minmay_the_grid_octo_prize_single_spiral,
          minmay_the_grid_octo_thin_diamonds], layout_basic, serial_shops, shop
D:9:      layout_roguey, nicolae_overflow_two_pavilions, fedhas_altar_4,
          kennysheep_mini_moat, orc_0_dummy, uniq_erolcha, uniq_psyche
D:10:     layout_cave_pods, overflow_temple_1_default, serial_shops, shop,
          chequers_serial_rivers_micro_c, uniq_fannar, uniq_gastronok,
          uniq_lodul
D:11:     layout_long_grid, hellmonk_lair_entry_icy, minmay_stone_trees_medium
D:12:     layout_rooms, ebering_ghost_gozag, uniq_frances
D:13:     hangedman_surveillance_ring, layout_irregular_city,
          hangedman_feature_mirror, uniq_snorg, uniq_nessos, uniq_kirke
D:14:     layout_basic, hellmonk_vaults_order_and_chaos, old_standard_altar
D:15:     hellmonk_depths_entry_around_the_bend, layout_loops_ring,
          minmay_misc_feat_square, minmay_beelzebubs_servants, uniq_josephine
Temple:   hellmonk_temple_divided_pantheon
Lair:1:   layout_hall_layers, gammafunk_ghost_cemetery, grunt_megastairs_2
Lair:2:   layout_roguey, nicolae_quartered_pool_little, uniq_harold
Lair:3:   cheibrodos_lair_river_kwai, layout_misc_corridors,
          alex1729_swamp_entry_worm_eleionoma, minmay_snake_entry_spellcaster,
          ebering_ghost_xom, st_stairs_7, uniq_amaemon
Lair:4:   layout_cave_pods, slime_entry_1, gauntlet_entry_generic,
          nicolae_volcano_entry_two_sided, beast_lair_carwin_7,
          grunt_megastairs_3
Lair:5:   hellmonk_lair_end_abyssal_woods, layout_regular_city,
          portal_ice_cave_entry_pillars_1, serial_bayou_lake_a
Swamp:1:  layout_basic_swamp, evilmike_swamp_ruin_rubble_2
Swamp:2:  layout_basic_swamp, nicolae_swamp_round_clearing,
          nicolae_swamp_frolicking_bunyips, uniq_mlioglotl
Swamp:3:  layout_falls_marsh, evilmike_swamp_ruin_rubble_1, swamp_pool_3
Swamp:4:  swamp_old_school, layout_basic_swamp, swamp_pool_1_2
Snake:1:  layout_onion, nicolae_integral_box
Snake:2:  layout_chambers, minmay_shoptagon
Snake:3:  layout_cave_shapes, basic_altar, nicolae_snake_gridmaze_waves
Snake:4:  snake_pit, layout_rooms, basic_altar, serial_shops, shop
Orc:1:    layout_diamond_mine, serial_shops, shop
Orc:2:    st_orc_rangers, layout_diamond_mine
Elf:1:    eino_elf_arrival_the_gate, layout_gridlike, guppyfry_library_mini,
          roderic_roman_lattice, grunt_megastairs_5
Elf:2:    elven_hall_of_blades_hangedman_original [nicolae_blade_little_rooms],
          layout_gridlike, basic_altar, serial_shops, shop,
          nicolae_elf_deep_friendship
Elf:3:    minmay_elf_hall, layout_onion_city, infiniplex_enter_wizlab_water
Vaults:1: vaults_mumra_chevron_long, nicolae_vaults_little_squares_6,
          vaults_room_door_hall, grunt_vaults_focal, ontoclasm_vaults_twist,
          nicolae_vaults_tetromino_L_2, nicolae_vaults_border_crossing,
          nicolae_vaults_asterisk, layout_vaults_chaotic_city
Vaults:2: minmay_crypt_entry_simple_box, v_pattern_4,
          nicolae_vaults_cornered_office, nicolae_vaults_ninety_degrees,
          hangedman_vaults_capsules, vaults_dpeg_spiral,
          nicolae_vaults_yaktaur_gun_rack, nicolae_vaults_hexular_roomagon,
          minmay_orc_keep, nicolae_vaults_tetromino_T_1, v_misc_13,
          v_alt_pattern_4, layout_vaults_omnicross
Vaults:3: vaults_standard_mumra_enter_the_diamond, v_rooms_5,
          nicolae_vaults_frosty_reception,
          serial_library_hellmonk_reading_circle,
          nicolae_vaults_little_squares_2, nicolae_vaults_trapezoid_1,
          nicolae_vaults_layer_cake_slice, nicolae_vaults_three_branches,
          v_rooms_5, layout_vaults_ring, serial_shops, shop
Vaults:4: vaults_dpeg_ring, vaults_mumra_hexcomb, v_rooms_2,
          dpeg_vaults_hating_casters, hangedman_vaults_slice,
          hangedman_vaults_slither, nicolae_vaults_network_barrier,
          vaults_room_fours, layout_vaults_omnigrid, serial_shops, shop
Crypt:1:  layout_misc_corridors, lemuel_freeze_loot_1,
          grunt_crypt_arrival_guarded_gate, grunt_megastairs_4,
          lemuel_upstairs_altar
Crypt:2:  layout_rooms, uniq_vv
Crypt:3:  david_glass_crypt, layout_rooms, nicolae_tomb_entry_grand_gallery,
          lemuel_mausoleum_altar_kikubaaqudgha
Depths:1: layout_cave_shapes, enter_ziggurat_c, abyss_entry_crystal,
          kennysheep_minor_cross, hell_entry, grunt_qazlal_sundering
Depths:2: hangedman_pleasuredromes, hell_entry, pan_entry, uniq_boris, uniq_mara
Depths:3: evilmike_wizard_prison, layout_cave_pools,
          hangedman_decor_clover_reticule, serial_shops,
          nicolae_shop_tiny_statue_garden, abyss_entry, hellmouth_1
Depths:4: grunt_twist_and_shout, layout_long_grid, enter_trove_3, hell_entry,
          nicolae_gozag_cash_rules_everything_around_me
Zot:1:    lemuel_halls_of_wrath, layout_twisted_circle
Zot:2:    layout_gridlike, bh_zot_ikea_curve,
          regret_index_zotdec_silver_v_v_loose, nicolae_shop_clearance,
          uniq_grunn
Zot:3:    layout_gridlike, regret_index_zotdec_split_disrupt,
          grunt_ministairs_15
Zot:4:    layout_onion, lemuel_lake_of_fire
Zot:5:    layout_cathedral_of_symmetry

Skill      XL: |  1  2  3  4  5  6  7  8  9 10 11 12 13 14 15 16 17 18 19 20 21 22 23 24 25 26 27 |
---------------+----------------------------------------------------------------------------------+-----
Spellcasting   | 1 2 3 4 5 6 8 10 12 14 15 16 17 18 19 20 21 23 24 25 | 25.0
Conjurations   | 1 2 3 4 5 6 8 10 12 14 15 16 17 18 19 20 21 23 24 25 | 25.0
Hexes          | 1 2 3 4 5 6 8 10 12 14 15 16 17 18 19 20 21 23 24 25 | 25.0
Summonings     | 1 2 3 4 5 6 8 10 12 14 15 16 17 18 19 20 21 23 24 25 | 25.0
Necromancy     | 1 2 3 4 5 6 8 10 12 14 15 16 17 18 19 20 21 23 24 25 | 25.0
Translocations | 1 2 3 4 5 6 8 10 12 14 15 16 17 18 19 20 21 23 24 25 | 25.0
Fire Magic     | 1 2 3 4 5 6 8 10 12 14 15 16 17 18 19 20 21 23 24 25 | 25.0
Ice Magic      | 1 2 3 4 5 6 8 10 12 14 15 16 17 18 19 20 21 23 24 25 | 25.0
Air Magic      | 1 2 3 4 5 6 8 10 12 14 15 16 17 18 19 20 21 23 24 25 | 25.0
Earth Magic    | 1 2 3 4 5 6 8 10 12 14 15 16 17 18 19 20 21 23 24 25 | 25.0
Alchemy        | 1 2 3 4 5 6 8 10 12 14 15 16 17 18 19 20 21 23 24 25 | 25.0
Fighting       | 6 12 15 18 | 18.8
Armour         | 4 9 10 18 | 18.0
Dodging        | 5 10 14 15 | 15.0
Shields        | 5 9 12 13 15 | 15.0
Evocations     | 8 12 13 15 | 15.6
Stealth        | 8 13 15 | 15.0
Polearms       | 7 10 14 | 14.0

Action                     |  1- 3 |  4- 6 |  7- 9 | 10-12 | 13-15 | 16-18 | 19-21 | 22-24 | 25-27 || total
---------------------------+-------+-------+-------+-------+-------+-------+-------+-------+-------++-------
  Melee: Club              |    69 |       |       |       |       |       |       |       |       ||    69
         Falchion          |       |       |     5 |       |       |       |       |       |       ||     5
         Scimitar          |       |       |       |     8 |       |       |       |       |       ||     8
         Staff             |       |       |       |     1 |    12 |    16 |       |     5 |     2 ||    36
         Demon trident     |       |       |       |       |       |       |       |       |   783 ||   783
  Throw: Dart              |       |       |       |     1 |       |       |       |       |       ||     1
   Cast: Sandblast         |    29 |    51 |    23 |   175 |   113 |       |       |       |       ||   391
         Scorch            |       |    38 |   154 |   110 |   293 |    87 |     9 |       |       ||   691
         Iskenderun's Batt |       |       |       |    35 |    49 |    24 |       |       |       ||   108
         Summon Mana Viper |       |       |       |       |   111 |   108 |    39 |    37 |    26 ||   321
         Summon Cactus Gia |       |       |       |       |    41 |    93 |    34 |    36 |     1 ||   205
         Orb of Destructio |       |       |       |       |       |   242 |   240 |   213 |   158 ||   853
         Bombard           |       |       |       |       |       |       |   264 |   453 |   287 ||  1004
         Malign Gateway    |       |       |       |       |       |       |     3 |    23 |    22 ||    48
         Summon Horrible T |       |       |       |       |       |       |       |       |   266 ||   266
         Death's Door      |       |       |       |       |       |       |       |       |     2 ||     2
         Borgnjor's Revivi |       |       |       |       |       |       |       |       |     1 ||     1
  Evoke: Wand              |     2 |     6 |       |    15 |     3 |     3 |     1 |     5 |     8 ||    43
         Tin of tremorston |       |       |       |     3 |       |       |       |       |     1 ||     4
         Lightning rod     |       |       |       |       |       |       |     3 |     2 |       ||     5
         Phial of floods   |       |       |       |       |       |       |     1 |       |       ||     1
    Use: Scroll            |       |       |       |    16 |     7 |     9 |    10 |     8 |    18 ||    68
         Potion            |       |       |       |     2 |     1 |     1 |     2 |       |    26 ||    32
   Stab: Sleeping          |     1 |       |       |       |       |       |       |       |     3 ||     4
         Paralysed         |       |       |       |     8 |       |       |       |       |       ||     8
         Distracted        |       |       |       |       |       |       |       |       |    27 ||    27
 Armour: Leather armour    |    59 |    39 |       |       |       |       |       |       |       ||    98
         Robe              |       |       |    51 |    67 |       |       |       |       |       ||   118
         Troll leather arm |       |       |       |    58 |   241 |    22 |       |       |       ||   321
         Scale mail        |       |       |       |       |       |    45 |   131 |   137 |   396 ||   709
         Ring mail         |       |       |       |       |       |   145 |    22 |       |       ||   167
         Quicksilver drago |       |       |       |       |       |       |       |       |   224 ||   224
  Dodge: Dodged            |    55 |    29 |    46 |   113 |   194 |   213 |    73 |    59 |   415 ||  1197
  Block: Other             |       |       |       |    42 |    32 |       |       |       |       ||    74
         Reflection        |       |       |       |     3 |     1 |       |       |       |       ||     4
         Kite shield       |       |       |       |       |       |    26 |    84 |   110 |   545 ||   765

Table legend: (Time is in decaauts)
 A = Elapsed time spent in this place.
 B = Non-inter-level travel time spent in this place.
 C = Inter-level travel time spent in this place.
 D = Time resting spent in this place.
 E = Time spent auto-exploring this place.
 F = Levels seen in this place.
 G = Mean time per level.
                   A        B        C        D        E       F      G
               +--------+--------+--------+--------+--------+-----+--------+
         Total |  64320 |  58192 |   6128 |   4694 |  38509 |  59 | 1090.2 |
       Dungeon |  17996 |  15566 |   2430 |   1932 |  10672 |  15 | 1199.7 |
        Temple |     28 |     18 |     10 |      0 |      0 |   1 |   28.0 |
          Lair |   6011 |   5323 |    688 |    391 |   3648 |   5 | 1202.2 |
         Swamp |   3045 |   2926 |    119 |     58 |   2241 |   4 |  761.2 |
     Snake Pit |   4528 |   4301 |    227 |     52 |   3121 |   4 | 1132.0 |
  Orcish Mines |   1704 |   1461 |    243 |      0 |   1059 |   2 |  852.0 |
   Elven Halls |   4607 |   4310 |    297 |     68 |   3218 |   3 | 1535.7 |
        Vaults |   6878 |   6258 |    620 |    230 |   4694 |   4 | 1719.5 |
         Crypt |   4614 |   4285 |    329 |    791 |   2122 |   3 | 1538.0 |
        Depths |   5517 |   4932 |    585 |    194 |   3175 |   4 | 1379.2 |
           Zot |   6505 |   5929 |    576 |    767 |   3706 |   5 | 1301.0 |
         Abyss |   1134 |   1134 |      0 |    128 |     53 |   6 |  189.0 |
      Ice Cave |    546 |    546 |      0 |     38 |    298 |   1 |  546.0 |
        Wizlab |    609 |    609 |      0 |      4 |    369 |   1 |  609.0 |
      Gauntlet |    590 |    590 |      0 |     39 |    132 |   1 |  590.0 |
               +--------+--------+--------+--------+--------+-----+--------+

Top non-repeatable levels by time:
     D:9: 2792 daAuts
Vaults:3: 1960 daAuts
   Elf:3: 1838 daAuts
     D:8: 1827 daAuts
 Crypt:2: 1789 daAuts
Vaults:4: 1725 daAuts
Depths:2: 1693 daAuts
Vaults:2: 1684 daAuts
   Zot:3: 1673 daAuts
     D:4: 1646 daAuts
    D:10: 1638 daAuts
   Zot:2: 1545 daAuts
  Lair:3: 1527 daAuts
 Crypt:1: 1524 daAuts
Depths:3: 1515 daAuts
